 Dungeon Crawl Stone Soup version 0.29.0-4-gdea44cf6ec (webtiles) character file.

Game seed: 10031367284244324190

26928 qw the Brawler (level 13, -4/124 HPs)
             Began as a Troll Cinder Acolyte on Aug 30, 2022.
             Was an Initiate of Ignis.
             Succumbed to a water moccasin's poison
             ... on level 5 of the Lair of Beasts.
             The game lasted 00:10:42 (11361 turns).

qw the Brawler (Troll Cinder Acolyte)              Turns: 11361, Time: 00:10:42

Health: -4/124     AC: 12    Str: 28    XL:     13   Next: 1%
Magic:  13/13      EV: 10    Int:  9    God:    Ignis [......]
Gold:   759        SH:  0    Dex:  9    Spells: 14/14 levels left

rFire   + + .      SeeInvis .     - Unarmed
rCold   + . .      Faith    .   (no shield)
rNeg    . . .      Spirit   .   h - +2 robe {rC+ rF+}
rPois   .          Reflect  .   (helmet restricted)
rElec   .          Harm     .   f - scarf {repulsion}
rCorr   .          Rampage  .   (gloves unavailable)
Will    .....                   (boots unavailable)
Stlth   +.........              d - amulet of regeneration
HPRegen 1.90/turn               o - +4 ring of protection
MPRegen 0.13/turn               (no ring)

@: lethally poisoned (-4 -> -34), repel missiles, very slow
A: large, unfitting armour, claws 3, regeneration 1, shaggy fur 1, tough skin 1,
iridescent scales 1, agile 1
a: Renounce Religion, Rising Flame


You were on level 5 of the Lair of Beasts.
You worshipped Ignis.
Ignis was noncommittal.
You visited 2 branches of the dungeon, and saw 14 of its levels.

You collected 759 gold pieces.


Innate Abilities, Weirdness & Mutations

You are too large for most types of armour.
You have claws for hands.
Your natural rate of healing is unusually fast.
You are covered in fur. (AC +1)
You have tough skin. (AC +1)
You are partially covered in iridescent scales. (AC +2)
You are agile. (Dex +4, Str/Int -1)


   Skills:
 - Level 7.0 Fighting
 - Level 6.0 Throwing
 - Level 9.3 Armour
 - Level 3.0 Dodging
 + Level 16.4 Unarmed Combat
 - Level 1.0 Spellcasting
 - Level 2.1 Fire Magic


You had 14 spell levels left.
You didn't know any spells.
Your spell library contained the following spells:

 Spells                   Type           Power      Damage    Failure   Level
 Scorch                   Fire           8%         2d5       22%         2

Inventory:

Missiles
 g - 6 boomerangs
 j - 6 javelins (quivered)
Armour
 a - a +0 troll leather armour
 e - a +1 cloak
 f - a scarf of repulsion (worn)
 h - a +2 robe of resistance (worn)
Jewellery
 d - an amulet of regeneration (around neck)
 i - a ring of fire
 l - a ring of fire
 o - a +4 ring of protection (left claw)
Scrolls
 m - a scroll of identify
Potions
 c - 2 potions of haste
 k - a potion of cancellation
 n - a potion of resistance
 u - a potion of might {unknown}

Dungeon Overview and Level Annotations

Branches:
Dungeon (10/15)            Temple (0/1) D:5            Lair (3/5) D:10
  Swamp (0/4) Lair:3        Snake (0/4) Lair:3          Orc (0/2) D:10

Altars:
Ashenzari
Elyvilon
Fedhas
Gozag
Hepliaklqana
Nemelex Xobeh
Okawaru
Sif Muna
Trog
Uskayaw

Shops:
D:10 (

Annotations:
D:4 2 runed translucent doors, qw's ghost, amateur TeWr


Message History

You feel very sick. The elephant tramples you!
You hold your ground!
The elephant trunk-slaps you but does no damage.
The water moccasin bites you but does no damage.
The wind drake flaps its wings at you. The air twists around and strikes you!
The water moccasin bites you. The rime drake bites you.
You have reached level 13!
11358 ||| DRINKING potion of heal wounds.
You feel much better.
You feel very sick.
The blink frog blinks!
The water moccasin bites you! The water moccasin closely misses you.
The elephant tramples you but does no damage.
The elephant closely misses you. The elephant barely misses you.
The elephant trunk-slaps you but does no damage.
The rime drake bites you but does no damage.
You mangle the elephant!!
The elephant is severely wounded.
You feel sick.
You hear a bellow!
The water moccasin barely misses you. The water moccasin bites you!
You are more poisoned.
The water moccasin poisons you!
The blink frog blinks!
The elephant tramples you.
You hold your ground!
The elephant barely misses you. The elephant completely misses you.
The elephant trunk-slaps you but does no damage.
The rime drake closely misses you.
You mangle the elephant!!
The elephant is almost dead.
The ice encasing you melts away.
You feel very sick. The water moccasin bites you.
You are more poisoned.
The water moccasin poisons you! The water moccasin bites you.
You are more poisoned.
The water moccasin poisons you!
You mangle the elephant!!
You kill the elephant!
You die...

.# .## ## #..# #
. ###.##...#.#
.P##.#..#..P.#.
...............
....~..Y.......
~~~~..YS%ยค.~~..
~~##.~#@SF##..(
#~ ##k~~# ~~
~~~~... k~
~.~~~.. ~~
#~~~..) ~ ~#~...
~~~~.P ~~ ~.#


You could see 2 elephants, a cane toad, a rime drake and 2 water moccasins.

Vanquished Creatures
  Kirke (Lair:3)
  5 death yaks (Lair:1)
  Urug (Lair:3)
  Pikel (D:9)
  An oklob plant (Lair:2)
  3 elephants (Lair:5)
  A guardian serpent (Lair:3)
  Maurice (D:8)
  3 gargoyles
  2 black mambas
  3 cane toads
  Maggie (D:6)
  Psyche (D:8)
  A rime drake (Lair:2)
  3 komodo dragons
  2 hornets
  A troll (D:10)
  2 polar bears (Lair:3)
  8 blink frogs
  A dream sheep (Lair:3)
  A shadow (D:10)
  2 basilisks
  20 yaks
  5 wyverns
  2 hogs (Lair:3)
  3 steam dragons
  A vampire mosquito (D:10)
  Edmund (D:5)
  8 water moccasins
  Duvessa (D:5)
  A swamp drake (D:10)
  2 ice beasts
  4 orc warriors
  5 wolves (Lair:1)
  4 centaurs
  4 ogres
  A lemure (D:9)
  2 kobold brigands (D:7)
  14 bullfrogs
  A necrophage (D:7)
  2 gnoll sergeants
  6 scorpions
  17 wights
  Dowan (D:5)
  2 electric eels
  7 howler monkeys
  5 hounds
  6 orc priests
  3 jellies
  6 orc wizards
  7 adders
  10 gnolls
  2 river rats (D:4)
  A shadow imp (D:5)
  An ufetubus (D:5)
  3 worms (D:2)
  4 dart slugs
  29 orcs
  8 ball pythons
  6 bats
  10 endoplasms
  4 giant cockroaches
  12 goblins
  9 hobgoblins
  3 jackals (D:2)
  21 kobolds
  5 quokkas
  3 frilled lizards
  8 rats
  A spectral kobold (D:1)
326 creatures vanquished.

Vanquished Creatures (others)
  4 dream sheep (Lair:3)
  5 humans (Lair:3)
  An orc wizard (D:9)
  42 fungi
  52 plants
104 creatures vanquished.

Grand Total: 430 creatures vanquished

Notes
Turn   | Place    | Note
-------+----------+-------------------------------------------
     0 | D:1      | qw the Troll Cinder Acolyte began the quest for the Orb.
     0 | D:1      | Reached XP level 1. HP: 22/22 MP: 1/1
     0 | D:1      | 0 ||| qw: Version: 0.1-a-95-gae9e614
     0 | D:1      | 0 ||| qw: Game counter: 4378
     0 | D:1      | 0 ||| qw: Always use a shield: true
     0 | D:1      | 0 ||| qw: God list: Okawaru
     0 | D:1      | 0 ||| qw: Allow faded altars: false
     0 | D:1      | 0 ||| qw: Do Orc after D:15 true
     0 | D:1      | 0 ||| qw: Do second Lair branch before Depths: true
     0 | D:1      | 0 ||| qw: Lair rune preference: random
     0 | D:1      | 0 ||| qw: Plans: Normal
     0 | D:1      | 0 ||| PLANNING D:1-11
   152 | D:1      | Found a faded altar of an unknown god.
   208 | D:1      | Reached XP level 2. HP: 29/29 MP: 2/2
   282 | D:1      | 282 ||| Stepping ~*~*~tactically~*~*~ (stealth).
   557 | D:1      | Reached skill level 4 in Unarmed Combat
   595 | D:1      | 595 ||| UPGRADING to +0 cloak.
   600 | D:1      | 600 ||| READING scroll labelled WUAKHL ADUVAEWNON.
   601 | D:1      | 601 ||| READING scroll labelled TEN ZO BUECS.
   602 | D:1      | 602 ||| READING scroll labelled XEGEQI ISUNOK.
   729 | D:2      | 729 ||| Stepping ~*~*~tactically~*~*~ (hiding).
   740 | D:2      | Reached XP level 3. HP: 36/36 MP: 3/3
   914 | D:2      | 914 ||| Stepping ~*~*~tactically~*~*~ (outnumbered).
   915 | D:2      | 915 ||| Stepping ~*~*~tactically~*~*~ (outnumbered).
   916 | D:2      | 916 ||| Stepping ~*~*~tactically~*~*~ (outnumbered).
   988 | D:2      | 988 ||| Stepping ~*~*~tactically~*~*~ (stealth).
  1001 | D:2      | 1001 ||| Stepping ~*~*~tactically~*~*~ (stealth).
  1269 | D:2      | 1269 ||| Stepping ~*~*~tactically~*~*~ (stealth).
  1276 | D:2      | Reached XP level 4. HP: 44/44 MP: 4/4
  1284 | D:2      | Reached skill level 5 in Unarmed Combat
  1321 | D:2      | Found a white marble altar of Elyvilon.
  1531 | D:2      | 1531 ||| DROPPING scarf of harm.
  1532 | D:2      | 1532 ||| UPGRADING to amulet of regeneration.
  1537 | D:2      | 1537 ||| READING scroll labelled YWUUCK XYNN.
  1538 | D:2      | 1538 ||| READING 2 scrolls labelled EVVARI AROM.
  1542 | D:2      | 1542 ||| READING scroll labelled AZYLIMME MIFF.
  1543 | D:2      | 1543 ||| DRINKING 2 dark potions.
  1544 | D:2      | 1544 ||| DRINKING 2 lumpy ruby potions.
  1544 | D:2      | Gained mutation: You are frail. (-10% HP) [potion of
                  | mutation]
  1544 | D:2      | Gained mutation: Your body sometimes deteriorates upon
                  | taking damage. [potion of mutation]
  1545 | D:2      | 1545 ||| DRINKING potion of mutation.
  1545 | D:2      | Lost mutation: Your body sometimes deteriorates upon taking
                  | damage. [potion of mutation]
  1545 | D:2      | Lost mutation: You are frail. (-10% HP) [potion of
                  | mutation]
  1545 | D:2      | Gained mutation: You are agile. (Dex +4, Str/Int -1)
                  | [potion of mutation]
  1545 | D:2      | Gained mutation: You are partially covered in iridescent
                  | scales. (AC +2) [potion of mutation]
  1548 | D:2      | 1548 ||| DRINKING 2 fizzy golden potions.
  1549 | D:2      | 1549 ||| DROPPING potion of attraction.
  1622 | D:3      | 1622 ||| Stepping ~*~*~tactically~*~*~ (stealth).
  1624 | D:3      | 1624 ||| Stepping ~*~*~tactically~*~*~ (stealth).
  1649 | D:3      | Found an iron altar of Okawaru.
  1805 | D:3      | Found a blossoming altar of Fedhas.
  1836 | D:3      | Reached skill level 1 in Throwing
  1904 | D:3      | 1904 ||| Stepping ~*~*~tactically~*~*~ (hiding).
  2031 | D:3      | Found a hide-covered altar of Uskayaw.
  2246 | D:3      | 2246 ||| DROPPING amulet of guardian spirit.
  2247 | D:3      | 2247 ||| READING 2 scrolls labelled NAEDOT JEOGG.
  2248 | D:3      | 2248 ||| READING scroll labelled NOBEFR BUQOL.
  2249 | D:3      | 2249 ||| DROPPING scroll of poison.
  2250 | D:3      | 2250 ||| READING scroll of teleportation.
  2278 | D:4      | Noticed a scorpion
  2279 | D:4      | 2279 ||| PLANNING SEWER
  2281 | D:4      | 2281 ||| STAIRDANCE
  2290 | D:4      | Killed a scorpion
  2291 | D:4      | Reached XP level 5. HP: 48/50 MP: 5/5
  2295 | D:4      | 2295 ||| Stepping ~*~*~tactically~*~*~ (hiding).
  2413 | D:4      | Found a runed translucent door.
  2417 | D:4      | Noticed qw's ghost (amateur TeWr)
  2448 | D:4      | Found a broken altar of Ashenzari.
  2580 | D:4      | Reached skill level 6 in Unarmed Combat
  2582 | D:4      | 2582 ||| Stepping ~*~*~tactically~*~*~ (stealth).
  2621 | D:4      | 2621 ||| Stepping ~*~*~tactically~*~*~ (stealth).
  2622 | D:4      | 2622 ||| Stepping ~*~*~tactically~*~*~ (stealth).
  2764 | D:4      | 2764 ||| Stepping ~*~*~tactically~*~*~ (stealth).
  2766 | D:4      | 2766 ||| Stepping ~*~*~tactically~*~*~ (stealth).
  2784 | D:4      | 2784 ||| Stepping ~*~*~tactically~*~*~ (stealth).
  2794 | D:4      | Reached XP level 6. HP: 54/59 MP: 6/6
  2862 | D:4      | Found a runed translucent door.
  2975 | D:4      | 2975 ||| RIP SEWER
  2981 | D:4      | 2981 ||| PLANNING D:1-11
  3049 | D:4      | 3049 ||| Stepping ~*~*~tactically~*~*~ (stealth).
  3060 | D:4      | 3060 ||| Stepping ~*~*~tactically~*~*~ (stealth).
  3062 | D:4      | 3062 ||| Stepping ~*~*~tactically~*~*~ (stealth).
  3068 | D:4      | Reached skill level 1 in Dodging
  3070 | D:4      | 3070 ||| Stepping ~*~*~tactically~*~*~ (stealth).
  3071 | D:4      | 3071 ||| Stepping ~*~*~tactically~*~*~ (stealth).
  3246 | D:4      | 3246 ||| READING scroll labelled CAFUK YHUME.
  3247 | D:4      | 3247 ||| DRINKING 2 puce potions.
  3248 | D:4      | 3248 ||| DRINKING 2 black potions.
  3273 | D:5      | Entered Level 5 of the Dungeon
  3352 | D:5      | Noticed Duvessa
  3352 | D:5      | Noticed Dowan
  3353 | D:5      | 3353 ||| Stepping ~*~*~tactically~*~*~ (stealth).
  3356 | D:5      | 3356 ||| INVOKING Fiery Armour.
  3357 | D:5      | 3357 ||| Stepping ~*~*~tactically~*~*~ (hiding).
  3360 | D:5      | Killed Duvessa
  3361 | D:5      | Reached skill level 7 in Unarmed Combat
  3361 | D:5      | Reached XP level 7. HP: 65/66 MP: 7/7
  3364 | D:5      | Killed Dowan
  3480 | D:5      | 3480 ||| Stepping ~*~*~tactically~*~*~ (hiding).
  3504 | D:5      | Found a staircase to the Ecumenical Temple.
  3515 | D:5      | Noticed Edmund
  3523 | D:5      | Killed Edmund
  3532 | D:5      | 3532 ||| Stepping ~*~*~tactically~*~*~ (stealth).
  3534 | D:5      | 3534 ||| Stepping ~*~*~tactically~*~*~ (stealth).
  3536 | D:5      | Reached skill level 8 in Unarmed Combat
  3613 | D:5      | 3613 ||| Stepping ~*~*~tactically~*~*~ (hiding).
  3618 | D:5      | 3618 ||| INVOKING Fiery Armour.
  3622 | D:5      | Reached skill level 3 in Fighting
  3695 | D:5      | Found an opulent altar of Gozag.
  3950 | D:5      | Reached skill level 3 in Throwing
  3980 | D:5      | Reached XP level 8. HP: 71/75 MP: 8/8
  4048 | D:5      | 4048 ||| READING 2 scrolls labelled WIREKOZXINWO.
  4049 | D:5      | 4049 ||| DRINKING 2 viscous black potions.
  4050 | D:5      | 4050 ||| DRINKING 2 bubbling yellow potions.
  4051 | D:5      | 4051 ||| DROPPING potion of brilliance.
  4052 | D:5      | 4052 ||| DROPPING potion of invisibility.
  4053 | D:5      | 4053 ||| DROPPING scroll of butterflies.
  4168 | D:6      | 4168 ||| Stepping ~*~*~tactically~*~*~ (hiding).
  4270 | D:6      | 4270 ||| Stepping ~*~*~tactically~*~*~ (hiding).
  4279 | D:6      | 4279 ||| Stepping ~*~*~tactically~*~*~ (outnumbered).
  4282 | D:6      | Reached skill level 9 in Unarmed Combat
  4338 | D:6      | 4338 ||| Stepping ~*~*~tactically~*~*~ (hiding).
  4349 | D:6      | 4349 ||| INVOKING Fiery Armour.
  4370 | D:6      | 4370 ||| FLEEEEING.
  4371 | D:6      | 4371 ||| FLEEEEING.
  4374 | D:6      | 4374 ||| STAIRDANCE
  4394 | D:6      | Reached skill level 10 in Unarmed Combat
  4531 | D:6      | 4531 ||| INVOKING Fiery Armour.
  4538 | D:6      | 4538 ||| Stepping ~*~*~tactically~*~*~ (outnumbered).
  4539 | D:6      | 4539 ||| Stepping ~*~*~tactically~*~*~ (outnumbered).
  4550 | D:6      | 4550 ||| Stepping ~*~*~tactically~*~*~ (stealth).
  4572 | D:6      | 4572 ||| READING scroll of enchant armour.
  4572 | D:6      | 4572 ||| ENCHANTING +0 cloak.
  4606 | D:6      | Reached XP level 9. HP: 69/84 MP: 9/9
  4722 | D:6      | 4722 ||| Stepping ~*~*~tactically~*~*~ (stealth).
  4732 | D:6      | Reached skill level 11 in Unarmed Combat
  4785 | D:6      | Noticed Maggie
  4794 | D:6      | Killed Maggie
  5089 | D:6      | 5089 ||| UPGRADING to +0 steam dragon scales.
  5099 | D:6      | 5099 ||| DROPPING +0 robe.
  5100 | D:6      | 5100 ||| READING 3 scrolls of identify.
  5100 | D:6      | 5100 ||| IDENTIFYING bubbling amethyst potion
  5101 | D:6      | 5101 ||| READING 2 scrolls of identify.
  5101 | D:6      | 5101 ||| IDENTIFYING pink potion
  5102 | D:6      | 5102 ||| DRINKING potion of experience.
  5102 | D:6      | Reached skill level 9 in Armour
  5102 | D:6      | Reached XP level 10. HP: 93/93 MP: 10/10
  5103 | D:6      | 5103 ||| DROPPING potion of berserk rage.
  5200 | D:7      | 5200 ||| INVOKING Fiery Armour.
  5205 | D:7      | 5205 ||| Stepping ~*~*~tactically~*~*~ (outnumbered).
  5207 | D:7      | 5207 ||| Stepping ~*~*~tactically~*~*~ (outnumbered).
  5208 | D:7      | 5208 ||| Stepping ~*~*~tactically~*~*~ (outnumbered).
  5209 | D:7      | 5209 ||| Stepping ~*~*~tactically~*~*~ (hiding).
  5212 | D:7      | 5212 ||| Stepping ~*~*~tactically~*~*~ (outnumbered).
  5213 | D:7      | 5213 ||| Stepping ~*~*~tactically~*~*~ (outnumbered).
  5214 | D:7      | 5214 ||| Stepping ~*~*~tactically~*~*~ (outnumbered).
  5237 | D:7      | 5237 ||| Stepping ~*~*~tactically~*~*~ (hiding).
  5256 | D:7      | 5256 ||| Stepping ~*~*~tactically~*~*~ (hiding).
  5259 | D:7      | 5259 ||| Stepping ~*~*~tactically~*~*~ (hiding).
  5262 | D:7      | 5262 ||| Stepping ~*~*~tactically~*~*~ (outnumbered).
  5263 | D:7      | 5263 ||| Stepping ~*~*~tactically~*~*~ (outnumbered).
  5264 | D:7      | 5264 ||| Stepping ~*~*~tactically~*~*~ (outnumbered).
  5265 | D:7      | 5265 ||| Stepping ~*~*~tactically~*~*~ (outnumbered).
  5266 | D:7      | 5266 ||| Stepping ~*~*~tactically~*~*~ (outnumbered).
  5268 | D:7      | 5268 ||| Stepping ~*~*~tactically~*~*~ (outnumbered).
  5269 | D:7      | 5269 ||| Stepping ~*~*~tactically~*~*~ (outnumbered).
  5270 | D:7      | 5270 ||| Stepping ~*~*~tactically~*~*~ (outnumbered).
  5271 | D:7      | 5271 ||| Stepping ~*~*~tactically~*~*~ (outnumbered).
  5272 | D:7      | 5272 ||| Stepping ~*~*~tactically~*~*~ (outnumbered).
  5273 | D:7      | 5273 ||| Stepping ~*~*~tactically~*~*~ (outnumbered).
  5291 | D:7      | 5291 ||| FLEEEEING.
  5331 | D:7      | 5331 ||| Stepping ~*~*~tactically~*~*~ (outnumbered).
  5332 | D:7      | 5332 ||| Stepping ~*~*~tactically~*~*~ (outnumbered).
  5333 | D:7      | 5333 ||| Stepping ~*~*~tactically~*~*~ (outnumbered).
  5334 | D:7      | 5334 ||| Stepping ~*~*~tactically~*~*~ (outnumbered).
  5336 | D:7      | 5336 ||| Stepping ~*~*~tactically~*~*~ (outnumbered).
  5337 | D:7      | 5337 ||| Stepping ~*~*~tactically~*~*~ (outnumbered).
  5339 | D:7      | 5339 ||| Stepping ~*~*~tactically~*~*~ (outnumbered).
  5340 | D:7      | 5340 ||| Stepping ~*~*~tactically~*~*~ (outnumbered).
  5341 | D:7      | 5341 ||| Stepping ~*~*~tactically~*~*~ (outnumbered).
  5342 | D:7      | 5342 ||| Stepping ~*~*~tactically~*~*~ (outnumbered).
  5343 | D:7      | 5343 ||| Stepping ~*~*~tactically~*~*~ (outnumbered).
  5344 | D:7      | 5344 ||| Stepping ~*~*~tactically~*~*~ (outnumbered).
  5345 | D:7      | 5345 ||| Stepping ~*~*~tactically~*~*~ (outnumbered).
  5468 | D:7      | Found a shimmering blue altar of Sif Muna.
  5614 | D:7      | Found a sparkling altar of Nemelex Xobeh.
  5712 | D:7      | 5712 ||| Stepping ~*~*~tactically~*~*~ (stealth).
  5715 | D:7      | 5715 ||| Stepping ~*~*~tactically~*~*~ (stealth).
  5861 | D:7      | 5861 ||| UPGRADING to scarf of repulsion.
  5871 | D:7      | 5871 ||| UPGRADING to +4 ring of protection.
  5872 | D:7      | 5872 ||| DRINKING 2 silvery potions.
  5886 | D:8      | Noticed Maurice
  5889 | D:8      | 5889 ||| Stepping ~*~*~tactically~*~*~ (stealth).
  5914 | D:8      | Killed Maurice
  5944 | D:8      | 5944 ||| Stepping ~*~*~tactically~*~*~ (hiding).
  6046 | D:8      | 6046 ||| Stepping ~*~*~tactically~*~*~ (hiding).
  6061 | D:8      | 6061 ||| Stepping ~*~*~tactically~*~*~ (stealth).
  6061 | D:8      | Found a bloodstained altar of Trog.
  6133 | D:8      | Noticed Psyche
  6134 | D:8      | 6134 ||| Stepping ~*~*~tactically~*~*~ (hiding).
  6135 | D:8      | 6135 ||| Stepping ~*~*~tactically~*~*~ (hiding).
  6140 | D:8      | Killed Psyche
  6141 | D:8      | Reached skill level 12 in Unarmed Combat
  6168 | D:8      | 6168 ||| Stepping ~*~*~tactically~*~*~ (stealth).
  6173 | D:8      | 6173 ||| Stepping ~*~*~tactically~*~*~ (hiding).
  6185 | D:8      | 6185 ||| Stepping ~*~*~tactically~*~*~ (stealth).
  6189 | D:8      | 6189 ||| Stepping ~*~*~tactically~*~*~ (stealth).
  6193 | D:8      | 6193 ||| Stepping ~*~*~tactically~*~*~ (stealth).
  6195 | D:8      | 6195 ||| Stepping ~*~*~tactically~*~*~ (stealth).
  6198 | D:8      | 6198 ||| Stepping ~*~*~tactically~*~*~ (stealth).
  6199 | D:8      | 6199 ||| Stepping ~*~*~tactically~*~*~ (stealth).
  6218 | D:8      | Paralysed by a hornet for 2 turns
  6351 | D:8      | 6351 ||| Stepping ~*~*~tactically~*~*~ (hiding).
  6352 | D:8      | 6352 ||| Stepping ~*~*~tactically~*~*~ (hiding).
  6353 | D:8      | 6353 ||| Stepping ~*~*~tactically~*~*~ (hiding).
  6520 | D:8      | Identified the +3 ring mail of Thoughtfulness {Drain rC+
                  | Will+}
  6619 | D:9      | Noticed a gargoyle
  6620 | D:9      | 6620 ||| Stepping ~*~*~tactically~*~*~ (hiding).
  6628 | D:9      | Killed a gargoyle
  6629 | D:9      | Reached XP level 11. HP: 90/104 MP: 11/11
  6715 | D:9      | 6715 ||| Stepping ~*~*~tactically~*~*~ (stealth).
  6737 | D:9      | 6737 ||| DRINKING potion of curing.
  6737 | D:9      | 6737 ||| (to cure confusion)
  6897 | D:9      | 6897 ||| Stepping ~*~*~tactically~*~*~ (outnumbered).
  6901 | D:9      | Found a flagged portal.
  7171 | D:9      | 7171 ||| Stepping ~*~*~tactically~*~*~ (stealth).
  7185 | D:9      | 7185 ||| FLEEEEING.
  7186 | D:9      | 7186 ||| FLEEEEING.
  7187 | D:9      | 7187 ||| FLEEEEING.
  7188 | D:9      | 7188 ||| FLEEEEING.
  7189 | D:9      | 7189 ||| FLEEEEING.
  7190 | D:9      | 7190 ||| FLEEEEING.
  7191 | D:9      | 7191 ||| FLEEEEING.
  7192 | D:9      | 7192 ||| FLEEEEING.
  7240 | D:9      | Noticed Pikel
  7242 | D:9      | 7242 ||| Stepping ~*~*~tactically~*~*~ (stealth).
  7247 | D:9      | 7247 ||| Stepping ~*~*~tactically~*~*~ (outnumbered).
  7248 | D:9      | 7248 ||| Stepping ~*~*~tactically~*~*~ (outnumbered).
  7249 | D:9      | 7249 ||| Stepping ~*~*~tactically~*~*~ (outnumbered).
  7250 | D:9      | 7250 ||| Stepping ~*~*~tactically~*~*~ (outnumbered).
  7251 | D:9      | 7251 ||| Stepping ~*~*~tactically~*~*~ (outnumbered).
  7252 | D:9      | 7252 ||| Stepping ~*~*~tactically~*~*~ (outnumbered).
  7253 | D:9      | 7253 ||| Stepping ~*~*~tactically~*~*~ (outnumbered).
  7254 | D:9      | Killed Pikel
  7325 | D:9      | 7325 ||| Stepping ~*~*~tactically~*~*~ (hiding).
  7326 | D:9      | 7326 ||| Stepping ~*~*~tactically~*~*~ (hiding).
  7330 | D:9      | 7330 ||| Stepping ~*~*~tactically~*~*~ (hiding).
  7333 | D:9      | 7333 ||| Stepping ~*~*~tactically~*~*~ (stealth).
  7336 | D:9      | 7336 ||| Stepping ~*~*~tactically~*~*~ (outnumbered).
  7546 | D:9      | 7546 ||| UPGRADING to +2 robe of resistance.
  7556 | D:9      | 7556 ||| READING scroll labelled BITRAG ICOI.
  7557 | D:9      | 7557 ||| READING 2 scrolls labelled OJOICR KEPPIF.
  7558 | D:9      | 7558 ||| READING 2 scrolls of identify.
  7558 | D:9      | 7558 ||| IDENTIFYING amethyst potion
  7559 | D:9      | 7559 ||| DROPPING potion of flight.
  7560 | D:9      | 7560 ||| DROPPING scroll of vulnerability.
  7572 | D:10     | Entered Level 10 of the Dungeon
  7572 | D:10     | Found a hazy altar of Hepliaklqana.
  7714 | D:10     | Found Mohenipe's Weapon Emporium.
  7790 | D:10     | 7790 ||| Stepping ~*~*~tactically~*~*~ (stealth).
  7796 | D:10     | Reached skill level 13 in Unarmed Combat
  7865 | D:10     | 7865 ||| Stepping ~*~*~tactically~*~*~ (hiding).
  7867 | D:10     | 7867 ||| Stepping ~*~*~tactically~*~*~ (hiding).
  7877 | D:10     | 7877 ||| Stepping ~*~*~tactically~*~*~ (stealth).
  7905 | D:10     | 7905 ||| FLEEEEING.
  7906 | D:10     | 7906 ||| FLEEEEING.
  7912 | D:10     | 7912 ||| DRINKING potion of curing.
  7912 | D:10     | 7912 ||| (to cure confusion)
  7941 | D:10     | Found a staircase to the Orcish Mines.
  7952 | D:10     | 7952 ||| DRINKING 2 potions of resistance.
  7956 | D:10     | 7956 ||| Stepping ~*~*~tactically~*~*~ (outnumbered).
  7957 | D:10     | 7957 ||| Stepping ~*~*~tactically~*~*~ (outnumbered).
  7958 | D:10     | 7958 ||| Stepping ~*~*~tactically~*~*~ (outnumbered).
  7959 | D:10     | 7959 ||| Stepping ~*~*~tactically~*~*~ (outnumbered).
  7960 | D:10     | 7960 ||| Stepping ~*~*~tactically~*~*~ (outnumbered).
  8045 | D:10     | 8045 ||| Stepping ~*~*~tactically~*~*~ (stealth).
  8066 | D:10     | 8066 ||| Stepping ~*~*~tactically~*~*~ (hiding).
  8067 | D:10     | 8067 ||| Stepping ~*~*~tactically~*~*~ (hiding).
  8073 | D:10     | 8073 ||| Stepping ~*~*~tactically~*~*~ (outnumbered).
  8117 | D:10     | 8117 ||| Stepping ~*~*~tactically~*~*~ (hiding).
  8140 | D:10     | 8140 ||| Stepping ~*~*~tactically~*~*~ (outnumbered).
  8141 | D:10     | 8141 ||| Stepping ~*~*~tactically~*~*~ (outnumbered).
  8142 | D:10     | 8142 ||| Stepping ~*~*~tactically~*~*~ (outnumbered).
  8147 | D:10     | 8147 ||| Stepping ~*~*~tactically~*~*~ (outnumbered).
  8158 | D:10     | 8158 ||| INVOKING Fiery Armour.
  8258 | D:10     | Found a staircase to the Lair.
  8368 | D:10     | 8368 ||| PLANNING LAIR
  8368 | D:10     | 8368 ||| DROPPING +0 steam dragon scales.
  8369 | D:10     | 8369 ||| DROPPING amulet of the acrobat.
  8370 | D:10     | 8370 ||| DRINKING 2 bubbling pink potions.
  8471 | D:10     | 8471 ||| DROPPING potion of ambrosia.
  8495 | Lair:1   | Entered Level 1 of the Lair of Beasts
  8538 | Lair:1   | Noticed a death yak
  8539 | Lair:1   | 8539 ||| INVOKING Fiery Armour.
  8540 | Lair:1   | Noticed a death yak
  8546 | Lair:1   | Noticed a death yak
  8548 | Lair:1   | Noticed a death yak
  8551 | Lair:1   | 8551 ||| Stepping ~*~*~tactically~*~*~ (outnumbered).
  8552 | Lair:1   | Noticed a death yak
  8556 | Lair:1   | Killed a death yak
  8557 | Lair:1   | Reached skill level 14 in Unarmed Combat
  8560 | Lair:1   | 8560 ||| Stepping ~*~*~tactically~*~*~ (outnumbered).
  8561 | Lair:1   | 8561 ||| Stepping ~*~*~tactically~*~*~ (outnumbered).
  8562 | Lair:1   | 8562 ||| Stepping ~*~*~tactically~*~*~ (outnumbered).
  8563 | Lair:1   | 8563 ||| Stepping ~*~*~tactically~*~*~ (outnumbered).
  8564 | Lair:1   | 8564 ||| Stepping ~*~*~tactically~*~*~ (outnumbered).
  8565 | Lair:1   | 8565 ||| Stepping ~*~*~tactically~*~*~ (outnumbered).
  8566 | Lair:1   | 8566 ||| Stepping ~*~*~tactically~*~*~ (outnumbered).
  8567 | Lair:1   | 8567 ||| Stepping ~*~*~tactically~*~*~ (outnumbered).
  8568 | Lair:1   | 8568 ||| Stepping ~*~*~tactically~*~*~ (outnumbered).
  8569 | Lair:1   | 8569 ||| Stepping ~*~*~tactically~*~*~ (outnumbered).
  8570 | Lair:1   | 8570 ||| Stepping ~*~*~tactically~*~*~ (outnumbered).
  8572 | Lair:1   | 8572 ||| Stepping ~*~*~tactically~*~*~ (outnumbered).
  8573 | Lair:1   | 8573 ||| Stepping ~*~*~tactically~*~*~ (outnumbered).
  8574 | Lair:1   | 8574 ||| Stepping ~*~*~tactically~*~*~ (outnumbered).
  8575 | Lair:1   | 8575 ||| Stepping ~*~*~tactically~*~*~ (outnumbered).
  8576 | Lair:1   | 8576 ||| Stepping ~*~*~tactically~*~*~ (outnumbered).
  8577 | Lair:1   | 8577 ||| Stepping ~*~*~tactically~*~*~ (outnumbered).
  8578 | Lair:1   | 8578 ||| Stepping ~*~*~tactically~*~*~ (outnumbered).
  8579 | Lair:1   | 8579 ||| Stepping ~*~*~tactically~*~*~ (outnumbered).
  8580 | Lair:1   | 8580 ||| Stepping ~*~*~tactically~*~*~ (outnumbered).
  8584 | Lair:1   | HP: 16/104 [death yak (14)]
  8585 | Lair:1   | 8585 ||| READING scroll of teleportation.
  8586 | Lair:1   | 8586 ||| DRINKING potion of heal wounds.
  8589 | Lair:1   | Killed a death yak
  8598 | Lair:1   | 8598 ||| Stepping ~*~*~tactically~*~*~ (stealth).
  8607 | Lair:1   | 8607 ||| Stepping ~*~*~tactically~*~*~ (stealth).
  8608 | Lair:1   | 8608 ||| Stepping ~*~*~tactically~*~*~ (stealth).
  8609 | Lair:1   | 8609 ||| Stepping ~*~*~tactically~*~*~ (stealth).
  8618 | Lair:1   | Reached skill level 6 in Fighting
  8666 | Lair:1   | 8666 ||| Stepping ~*~*~tactically~*~*~ (outnumbered).
  8667 | Lair:1   | Killed a death yak
  8668 | Lair:1   | Reached XP level 12. HP: 106/114 MP: 12/12
  8668 | Lair:1   | 8668 ||| INVOKING Fiery Armour.
  8674 | Lair:1   | Killed a death yak
  8683 | Lair:1   | Killed a death yak
  8684 | Lair:1   | Reached skill level 15 in Unarmed Combat
  9163 | Lair:1   | 9163 ||| INVOKING Fiery Armour.
  9234 | Lair:1   | 9234 ||| Stepping ~*~*~tactically~*~*~ (stealth).
  9235 | Lair:1   | 9235 ||| Stepping ~*~*~tactically~*~*~ (stealth).
  9246 | Lair:1   | Reached skill level 3 in Dodging
  9400 | Lair:1   | 9400 ||| READING scroll labelled WYUDAE JITZUE.
  9700 | Lair:2   | 9700 ||| Stepping ~*~*~tactically~*~*~ (stealth).
  9703 | Lair:2   | 9703 ||| INVOKING Fiery Armour.
  9897 | Lair:2   | 9897 ||| INVOKING Fiery Armour.
  9907 | Lair:2   | Reached skill level 6 in Throwing
 10286 | Lair:2   | 10286 ||| READING 2 scrolls of identify.
 10286 | Lair:2   | 10286 ||| IDENTIFYING smoky black potion
 10287 | Lair:2   | 10287 ||| DROPPING potion of lignification.
 10381 | Lair:3   | 10381 ||| Stepping ~*~*~tactically~*~*~ (stealth).
 10382 | Lair:3   | 10382 ||| Stepping ~*~*~tactically~*~*~ (hiding).
 10393 | Lair:3   | Reached skill level 16 in Unarmed Combat
 10397 | Lair:3   | 10397 ||| FLEEEEING.
 10398 | Lair:3   | 10398 ||| Stepping ~*~*~tactically~*~*~ (stealth).
 10439 | Lair:3   | Found a staircase to the Snake Pit.
 10476 | Lair:3   | 10476 ||| Stepping ~*~*~tactically~*~*~ (stealth).
 10478 | Lair:3   | Noticed Kirke
 10478 | Lair:3   | 10478 ||| INVOKING Fiery Armour.
 10480 | Lair:3   | 10480 ||| Stepping ~*~*~tactically~*~*~ (stealth).
 10493 | Lair:3   | Killed Kirke
 10494 | Lair:3   | 10494 ||| FLEEEEING.
 10495 | Lair:3   | 10495 ||| FLEEEEING.
 10496 | Lair:3   | 10496 ||| FLEEEEING.
 10499 | Lair:3   | 10499 ||| Stepping ~*~*~tactically~*~*~ (outnumbered).
 10500 | Lair:3   | 10500 ||| Stepping ~*~*~tactically~*~*~ (outnumbered).
 10501 | Lair:3   | 10501 ||| Stepping ~*~*~tactically~*~*~ (outnumbered).
 10502 | Lair:3   | 10502 ||| Stepping ~*~*~tactically~*~*~ (outnumbered).
 10522 | Lair:3   | 10522 ||| PLANNING CONVERSION TO OKAWARU
 10522 | Lair:3   | 10522 ||| READING 2 scrolls of identify.
 10522 | Lair:3   | 10522 ||| IDENTIFYING gluggy clear potion
 10523 | Lair:3   | 10523 ||| READING scroll of teleportation.
 10526 | Lair:3   | Noticed Urug
 10535 | Lair:3   | Killed Urug
 10556 | Lair:3   | 10556 ||| Stepping randomly (stuck).
 10557 | Lair:3   | 10557 ||| Stepping randomly (stuck).
 10558 | Lair:3   | 10558 ||| Stepping randomly (stuck).
 10559 | Lair:3   | 10559 ||| Stepping randomly (stuck).
 10560 | Lair:3   | 10560 ||| Stepping randomly (stuck).
 10561 | Lair:3   | 10561 ||| Stepping randomly (stuck).
 10562 | Lair:3   | 10562 ||| Stepping randomly (stuck).
 10563 | Lair:3   | 10563 ||| Stepping randomly (stuck).
 10564 | Lair:3   | 10564 ||| Stepping randomly (stuck).
 10565 | Lair:3   | 10565 ||| Stepping randomly (stuck).
 10566 | Lair:3   | 10566 ||| Stepping randomly (stuck).
 10567 | Lair:3   | 10567 ||| Stepping randomly (stuck).
 10568 | Lair:3   | 10568 ||| Stepping randomly (stuck).
 10569 | Lair:3   | 10569 ||| Stepping randomly (stuck).
 10571 | Lair:3   | 10571 ||| Stepping randomly (stuck).
 10572 | Lair:3   | 10572 ||| Stepping randomly (stuck).
 10573 | Lair:3   | 10573 ||| Stepping randomly (stuck).
 10574 | Lair:3   | 10574 ||| Stepping randomly (stuck).
 10575 | Lair:3   | 10575 ||| Stepping randomly (stuck).
 10576 | Lair:3   | 10576 ||| Stepping randomly (stuck).
 10577 | Lair:3   | 10577 ||| Stepping randomly (stuck).
 10578 | Lair:3   | 10578 ||| Stepping randomly (stuck).
 10579 | Lair:3   | 10579 ||| Stepping randomly (stuck).
 10580 | Lair:3   | 10580 ||| Stepping randomly (stuck).
 10581 | Lair:3   | 10581 ||| Stepping randomly (stuck).
 10582 | Lair:3   | 10582 ||| Stepping randomly (stuck).
 10583 | Lair:3   | 10583 ||| Stepping randomly (stuck).
 10584 | Lair:3   | 10584 ||| Stepping randomly (stuck).
 10585 | Lair:3   | 10585 ||| Stepping randomly (stuck).
 10586 | Lair:3   | 10586 ||| Stepping randomly (stuck).
 10587 | Lair:3   | 10587 ||| Stepping randomly (stuck).
 10588 | Lair:3   | 10588 ||| Stepping randomly (stuck).
 10589 | Lair:3   | 10589 ||| Stepping randomly (stuck).
 10590 | Lair:3   | 10590 ||| Stepping randomly (stuck).
 10590 | Lair:3   | Found a staircase to the Swamp.
 10591 | Lair:3   | 10591 ||| Stepping randomly (stuck).
 10592 | Lair:3   | 10592 ||| Stepping randomly (stuck).
 10593 | Lair:3   | 10593 ||| Stepping randomly (stuck).
 10594 | Lair:3   | 10594 ||| Stepping randomly (stuck).
 10595 | Lair:3   | 10595 ||| Stepping randomly (stuck).
 10596 | Lair:3   | 10596 ||| Stepping randomly (stuck).
 10597 | Lair:3   | 10597 ||| Stepping randomly (stuck).
 10598 | Lair:3   | 10598 ||| Stepping randomly (stuck).
 10599 | Lair:3   | 10599 ||| Stepping randomly (stuck).
 10600 | Lair:3   | 10600 ||| Stepping randomly (stuck).
 10601 | Lair:3   | 10601 ||| Stepping randomly (stuck).
 10602 | Lair:3   | 10602 ||| Stepping randomly (stuck).
 10603 | Lair:3   | 10603 ||| Stepping randomly (stuck).
 10604 | Lair:3   | 10604 ||| Stepping randomly (stuck).
 10605 | Lair:3   | 10605 ||| Stepping randomly (stuck).
 10606 | Lair:3   | 10606 ||| Stepping randomly (stuck).
 10607 | Lair:3   | 10607 ||| Stepping randomly (stuck).
 10608 | Lair:3   | 10608 ||| Stepping randomly (stuck).
 10609 | Lair:3   | 10609 ||| Stepping randomly (stuck).
 10610 | Lair:3   | 10610 ||| Stepping randomly (stuck).
 10611 | Lair:3   | 10611 ||| Stepping randomly (stuck).
 10612 | Lair:3   | 10612 ||| Stepping randomly (stuck).
 10613 | Lair:3   | 10613 ||| Stepping randomly (stuck).
 10614 | Lair:3   | 10614 ||| Stepping randomly (stuck).
 10615 | Lair:3   | 10615 ||| Stepping randomly (stuck).
 10616 | Lair:3   | 10616 ||| Stepping randomly (stuck).
 10617 | Lair:3   | 10617 ||| Stepping randomly (stuck).
 10618 | Lair:3   | 10618 ||| Stepping randomly (stuck).
 10619 | Lair:3   | 10619 ||| Stepping randomly (stuck).
 10620 | Lair:3   | 10620 ||| Stepping randomly (stuck).
 10621 | Lair:3   | 10621 ||| Stepping randomly (stuck).
 10622 | Lair:3   | 10622 ||| Stepping randomly (stuck).
 10623 | Lair:3   | 10623 ||| Stepping randomly (stuck).
 10624 | Lair:3   | 10624 ||| Stepping randomly (stuck).
 10625 | Lair:3   | 10625 ||| Stepping randomly (stuck).
 10626 | Lair:3   | 10626 ||| Stepping randomly (stuck).
 10627 | Lair:3   | 10627 ||| Stepping randomly (stuck).
 10628 | Lair:3   | 10628 ||| Stepping randomly (stuck).
 10629 | Lair:3   | 10629 ||| Stepping randomly (stuck).
 10630 | Lair:3   | 10630 ||| Stepping randomly (stuck).
 10631 | Lair:3   | 10631 ||| Stepping randomly (stuck).
 10632 | Lair:3   | 10632 ||| Stepping randomly (stuck).
 10633 | Lair:3   | 10633 ||| Stepping randomly (stuck).
 10634 | Lair:3   | 10634 ||| Stepping randomly (stuck).
 10635 | Lair:3   | 10635 ||| Stepping randomly (stuck).
 10636 | Lair:3   | 10636 ||| Stepping randomly (stuck).
 10637 | Lair:3   | 10637 ||| Stepping randomly (stuck).
 10638 | Lair:3   | 10638 ||| Stepping randomly (stuck).
 10639 | Lair:3   | 10639 ||| Stepping randomly (stuck).
 10640 | Lair:3   | 10640 ||| Stepping randomly (stuck).
 10641 | Lair:3   | 10641 ||| Stepping randomly (stuck).
 10642 | Lair:3   | 10642 ||| Stepping randomly (stuck).
 10643 | Lair:3   | 10643 ||| Stepping randomly (stuck).
 10644 | Lair:3   | 10644 ||| Stepping randomly (stuck).
 10645 | Lair:3   | 10645 ||| Stepping randomly (stuck).
 10646 | Lair:3   | 10646 ||| Stepping randomly (stuck).
 10647 | Lair:3   | 10647 ||| Stepping randomly (stuck).
 10648 | Lair:3   | 10648 ||| Stepping randomly (stuck).
 10649 | Lair:3   | 10649 ||| Stepping randomly (stuck).
 10650 | Lair:3   | 10650 ||| Stepping randomly (stuck).
 10651 | Lair:3   | 10651 ||| Stepping randomly (stuck).
 10652 | Lair:3   | 10652 ||| Stepping randomly (stuck).
 10653 | Lair:3   | 10653 ||| Stepping randomly (stuck).
 10654 | Lair:3   | 10654 ||| Stepping randomly (stuck).
 10655 | Lair:3   | 10655 ||| Stepping randomly (stuck).
 10656 | Lair:3   | 10656 ||| Stepping randomly (stuck).
 10657 | Lair:3   | 10657 ||| Stepping randomly (stuck).
 10658 | Lair:3   | 10658 ||| Stepping randomly (stuck).
 10659 | Lair:3   | 10659 ||| Stepping randomly (stuck).
 10660 | Lair:3   | 10660 ||| Stepping randomly (stuck).
 10661 | Lair:3   | 10661 ||| Stepping randomly (stuck).
 10662 | Lair:3   | 10662 ||| Stepping randomly (stuck).
 10663 | Lair:3   | 10663 ||| Stepping randomly (stuck).
 10664 | Lair:3   | 10664 ||| Stepping randomly (stuck).
 10665 | Lair:3   | 10665 ||| Stepping randomly (stuck).
 10666 | Lair:3   | 10666 ||| Stepping randomly (stuck).
 10667 | Lair:3   | 10667 ||| Stepping randomly (stuck).
 10668 | Lair:3   | 10668 ||| Stepping randomly (stuck).
 10669 | Lair:3   | 10669 ||| Stepping randomly (stuck).
 10670 | Lair:3   | 10670 ||| Stepping randomly (stuck).
 10671 | Lair:3   | 10671 ||| Stepping randomly (stuck).
 10672 | Lair:3   | 10672 ||| Stepping randomly (stuck).
 10673 | Lair:3   | 10673 ||| Stepping randomly (stuck).
 10674 | Lair:3   | 10674 ||| Stepping randomly (stuck).
 10675 | Lair:3   | 10675 ||| Stepping randomly (stuck).
 10676 | Lair:3   | 10676 ||| Stepping randomly (stuck).
 10677 | Lair:3   | 10677 ||| Stepping randomly (stuck).
 10678 | Lair:3   | 10678 ||| Stepping randomly (stuck).
 10679 | Lair:3   | 10679 ||| Stepping randomly (stuck).
 10680 | Lair:3   | 10680 ||| Stepping randomly (stuck).
 10681 | Lair:3   | 10681 ||| Stepping randomly (stuck).
 10682 | Lair:3   | 10682 ||| Stepping randomly (stuck).
 10683 | Lair:3   | 10683 ||| Stepping randomly (stuck).
 10684 | Lair:3   | 10684 ||| Stepping randomly (stuck).
 10685 | Lair:3   | 10685 ||| Stepping randomly (stuck).
 10686 | Lair:3   | 10686 ||| Stepping randomly (stuck).
 10687 | Lair:3   | 10687 ||| Stepping randomly (stuck).
 10688 | Lair:3   | 10688 ||| Stepping randomly (stuck).
 10689 | Lair:3   | 10689 ||| Stepping randomly (stuck).
 10690 | Lair:3   | 10690 ||| Stepping randomly (stuck).
 10691 | Lair:3   | 10691 ||| Stepping randomly (stuck).
 10692 | Lair:3   | 10692 ||| Stepping randomly (stuck).
 10693 | Lair:3   | 10693 ||| Stepping randomly (stuck).
 10694 | Lair:3   | 10694 ||| Stepping randomly (stuck).
 10695 | Lair:3   | 10695 ||| Stepping randomly (stuck).
 10696 | Lair:3   | 10696 ||| Stepping randomly (stuck).
 10697 | Lair:3   | 10697 ||| Stepping randomly (stuck).
 10698 | Lair:3   | 10698 ||| Stepping randomly (stuck).
 10699 | Lair:3   | 10699 ||| Stepping randomly (stuck).
 10700 | Lair:3   | 10700 ||| Stepping randomly (stuck).
 10701 | Lair:3   | 10701 ||| Stepping randomly (stuck).
 10702 | Lair:3   | 10702 ||| Stepping randomly (stuck).
 10703 | Lair:3   | 10703 ||| Stepping randomly (stuck).
 10704 | Lair:3   | 10704 ||| Stepping randomly (stuck).
 10705 | Lair:3   | 10705 ||| Stepping randomly (stuck).
 10706 | Lair:3   | 10706 ||| Stepping randomly (stuck).
 10707 | Lair:3   | 10707 ||| Stepping randomly (stuck).
 10708 | Lair:3   | 10708 ||| Stepping randomly (stuck).
 10709 | Lair:3   | 10709 ||| Stepping randomly (stuck).
 10710 | Lair:3   | 10710 ||| Stepping randomly (stuck).
 10711 | Lair:3   | 10711 ||| Stepping randomly (stuck).
 10712 | Lair:3   | 10712 ||| Stepping randomly (stuck).
 10713 | Lair:3   | 10713 ||| Stepping randomly (stuck).
 10714 | Lair:3   | 10714 ||| Stepping randomly (stuck).
 10715 | Lair:3   | 10715 ||| Stepping randomly (stuck).
 10716 | Lair:3   | 10716 ||| Stepping randomly (stuck).
 10717 | Lair:3   | 10717 ||| Stepping randomly (stuck).
 10718 | Lair:3   | 10718 ||| Stepping randomly (stuck).
 10719 | Lair:3   | 10719 ||| Stepping randomly (stuck).
 10720 | Lair:3   | 10720 ||| Stepping randomly (stuck).
 10721 | Lair:3   | 10721 ||| Stepping randomly (stuck).
 10722 | Lair:3   | 10722 ||| Stepping randomly (stuck).
 10723 | Lair:3   | 10723 ||| Stepping randomly (stuck).
 10724 | Lair:3   | 10724 ||| Stepping randomly (stuck).
 10725 | Lair:3   | 10725 ||| Stepping randomly (stuck).
 10726 | Lair:3   | 10726 ||| Stepping randomly (stuck).
 10727 | Lair:3   | 10727 ||| Stepping randomly (stuck).
 10728 | Lair:3   | 10728 ||| Stepping randomly (stuck).
 10729 | Lair:3   | 10729 ||| Stepping randomly (stuck).
 10730 | Lair:3   | 10730 ||| Stepping randomly (stuck).
 10731 | Lair:3   | 10731 ||| Stepping randomly (stuck).
 10732 | Lair:3   | 10732 ||| Stepping randomly (stuck).
 10733 | Lair:3   | 10733 ||| Stepping randomly (stuck).
 10734 | Lair:3   | 10734 ||| Stepping randomly (stuck).
 10735 | Lair:3   | 10735 ||| Stepping randomly (stuck).
 10736 | Lair:3   | 10736 ||| Stepping randomly (stuck).
 10737 | Lair:3   | 10737 ||| Stepping randomly (stuck).
 10738 | Lair:3   | 10738 ||| Stepping randomly (stuck).
 10739 | Lair:3   | 10739 ||| Stepping randomly (stuck).
 10740 | Lair:3   | 10740 ||| Stepping randomly (stuck).
 10741 | Lair:3   | 10741 ||| Stepping randomly (stuck).
 10742 | Lair:3   | 10742 ||| Stepping randomly (stuck).
 10743 | Lair:3   | 10743 ||| Stepping randomly (stuck).
 10744 | Lair:3   | 10744 ||| Stepping randomly (stuck).
 10745 | Lair:3   | 10745 ||| Stepping randomly (stuck).
 10746 | Lair:3   | 10746 ||| Stepping randomly (stuck).
 10747 | Lair:3   | 10747 ||| Stepping randomly (stuck).
 10748 | Lair:3   | 10748 ||| Stepping randomly (stuck).
 10749 | Lair:3   | 10749 ||| Stepping randomly (stuck).
 10750 | Lair:3   | 10750 ||| Stepping randomly (stuck).
 10751 | Lair:3   | 10751 ||| Stepping randomly (stuck).
 10752 | Lair:3   | 10752 ||| Stepping randomly (stuck).
 10753 | Lair:3   | 10753 ||| Stepping randomly (stuck).
 10754 | Lair:3   | 10754 ||| Stepping randomly (stuck).
 10755 | Lair:3   | 10755 ||| Stepping randomly (stuck).
 10756 | Lair:3   | 10756 ||| Stepping randomly (stuck).
 10757 | Lair:3   | 10757 ||| Stepping randomly (stuck).
 10758 | Lair:3   | 10758 ||| Stepping randomly (stuck).
 10759 | Lair:3   | 10759 ||| Stepping randomly (stuck).
 10760 | Lair:3   | 10760 ||| Stepping randomly (stuck).
 10761 | Lair:3   | 10761 ||| Stepping randomly (stuck).
 10762 | Lair:3   | 10762 ||| Stepping randomly (stuck).
 10763 | Lair:3   | 10763 ||| Stepping randomly (stuck).
 10764 | Lair:3   | 10764 ||| Stepping randomly (stuck).
 10765 | Lair:3   | 10765 ||| Stepping randomly (stuck).
 10766 | Lair:3   | 10766 ||| Stepping randomly (stuck).
 10767 | Lair:3   | 10767 ||| Stepping randomly (stuck).
 10768 | Lair:3   | 10768 ||| Stepping randomly (stuck).
 10769 | Lair:3   | 10769 ||| Stepping randomly (stuck).
 10770 | Lair:3   | 10770 ||| Stepping randomly (stuck).
 10771 | Lair:3   | 10771 ||| Stepping randomly (stuck).
 10772 | Lair:3   | 10772 ||| Stepping randomly (stuck).
 10773 | Lair:3   | 10773 ||| Stepping randomly (stuck).
 10774 | Lair:3   | 10774 ||| Stepping randomly (stuck).
 10775 | Lair:3   | 10775 ||| Stepping randomly (stuck).
 10776 | Lair:3   | 10776 ||| Stepping randomly (stuck).
 10777 | Lair:3   | 10777 ||| Stepping randomly (stuck).
 10778 | Lair:3   | 10778 ||| Stepping randomly (stuck).
 10779 | Lair:3   | 10779 ||| Stepping randomly (stuck).
 10780 | Lair:3   | 10780 ||| Stepping randomly (stuck).
 10781 | Lair:3   | 10781 ||| Stepping randomly (stuck).
 10782 | Lair:3   | 10782 ||| Stepping randomly (stuck).
 10783 | Lair:3   | 10783 ||| Stepping randomly (stuck).
 10784 | Lair:3   | 10784 ||| Stepping randomly (stuck).
 10785 | Lair:3   | 10785 ||| Stepping randomly (stuck).
 10786 | Lair:3   | 10786 ||| Stepping randomly (stuck).
 10787 | Lair:3   | 10787 ||| Stepping randomly (stuck).
 10788 | Lair:3   | 10788 ||| Stepping randomly (stuck).
 10789 | Lair:3   | 10789 ||| Stepping randomly (stuck).
 10790 | Lair:3   | 10790 ||| Stepping randomly (stuck).
 10791 | Lair:3   | 10791 ||| Stepping randomly (stuck).
 10792 | Lair:3   | 10792 ||| Stepping randomly (stuck).
 10793 | Lair:3   | 10793 ||| Stepping randomly (stuck).
 10794 | Lair:3   | 10794 ||| Stepping randomly (stuck).
 10795 | Lair:3   | 10795 ||| Stepping randomly (stuck).
 10796 | Lair:3   | 10796 ||| Stepping randomly (stuck).
 10797 | Lair:3   | 10797 ||| Stepping randomly (stuck).
 10798 | Lair:3   | 10798 ||| Stepping randomly (stuck).
 10799 | Lair:3   | 10799 ||| Stepping randomly (stuck).
 10800 | Lair:3   | 10800 ||| Stepping randomly (stuck).
 10801 | Lair:3   | 10801 ||| Stepping randomly (stuck).
 10802 | Lair:3   | 10802 ||| Stepping randomly (stuck).
 10803 | Lair:3   | 10803 ||| Stepping randomly (stuck).
 10804 | Lair:3   | 10804 ||| Stepping randomly (stuck).
 10805 | Lair:3   | 10805 ||| Stepping randomly (stuck).
 10806 | Lair:3   | 10806 ||| Stepping randomly (stuck).
 10807 | Lair:3   | 10807 ||| Stepping randomly (stuck).
 10808 | Lair:3   | 10808 ||| Stepping randomly (stuck).
 10809 | Lair:3   | 10809 ||| Stepping randomly (stuck).
 10815 | Lair:3   | 10815 ||| Stepping randomly (stuck).
 10816 | Lair:3   | 10816 ||| Stepping randomly (stuck).
 10817 | Lair:3   | 10817 ||| Stepping randomly (stuck).
 10818 | Lair:3   | 10818 ||| Stepping randomly (stuck).
 10819 | Lair:3   | 10819 ||| Stepping randomly (stuck).
 10820 | Lair:3   | 10820 ||| Stepping randomly (stuck).
 10821 | Lair:3   | 10821 ||| Stepping randomly (stuck).
 10822 | Lair:3   | 10822 ||| Stepping randomly (stuck).
 10823 | Lair:3   | 10823 ||| Stepping randomly (stuck).
 10824 | Lair:3   | 10824 ||| Stepping randomly (stuck).
 10825 | Lair:3   | 10825 ||| Stepping randomly (stuck).
 10826 | Lair:3   | 10826 ||| Stepping randomly (stuck).
 10827 | Lair:3   | 10827 ||| Stepping randomly (stuck).
 10828 | Lair:3   | 10828 ||| Stepping randomly (stuck).
 10829 | Lair:3   | 10829 ||| Stepping randomly (stuck).
 10830 | Lair:3   | 10830 ||| Stepping randomly (stuck).
 10831 | Lair:3   | 10831 ||| Stepping randomly (stuck).
 10832 | Lair:3   | 10832 ||| Stepping randomly (stuck).
 10833 | Lair:3   | 10833 ||| Stepping randomly (stuck).
 10834 | Lair:3   | 10834 ||| Stepping randomly (stuck).
 10835 | Lair:3   | 10835 ||| Stepping randomly (stuck).
 10836 | Lair:3   | 10836 ||| Stepping randomly (stuck).
 10837 | Lair:3   | 10837 ||| Stepping randomly (stuck).
 10838 | Lair:3   | 10838 ||| Stepping randomly (stuck).
 10839 | Lair:3   | 10839 ||| Stepping randomly (stuck).
 10840 | Lair:3   | 10840 ||| Stepping randomly (stuck).
 10841 | Lair:3   | 10841 ||| Stepping randomly (stuck).
 10842 | Lair:3   | 10842 ||| Stepping randomly (stuck).
 10843 | Lair:3   | 10843 ||| Stepping randomly (stuck).
 10844 | Lair:3   | 10844 ||| Stepping randomly (stuck).
 10845 | Lair:3   | 10845 ||| Stepping randomly (stuck).
 10846 | Lair:3   | 10846 ||| Stepping randomly (stuck).
 10847 | Lair:3   | 10847 ||| Stepping randomly (stuck).
 10848 | Lair:3   | 10848 ||| Stepping randomly (stuck).
 10849 | Lair:3   | 10849 ||| Stepping randomly (stuck).
 10850 | Lair:3   | 10850 ||| Stepping randomly (stuck).
 10851 | Lair:3   | 10851 ||| Stepping randomly (stuck).
 10852 | Lair:3   | 10852 ||| Stepping randomly (stuck).
 10853 | Lair:3   | 10853 ||| Stepping randomly (stuck).
 10854 | Lair:3   | 10854 ||| Stepping randomly (stuck).
 10855 | Lair:3   | 10855 ||| Stepping randomly (stuck).
 10856 | Lair:3   | 10856 ||| Stepping randomly (stuck).
 10857 | Lair:3   | 10857 ||| Stepping randomly (stuck).
 10858 | Lair:3   | 10858 ||| Stepping randomly (stuck).
 10859 | Lair:3   | 10859 ||| Stepping randomly (stuck).
 10860 | Lair:3   | 10860 ||| Stepping randomly (stuck).
 10861 | Lair:3   | 10861 ||| Stepping randomly (stuck).
 10862 | Lair:3   | 10862 ||| Stepping randomly (stuck).
 10863 | Lair:3   | 10863 ||| Stepping randomly (stuck).
 10864 | Lair:3   | 10864 ||| Stepping randomly (stuck).
 10865 | Lair:3   | 10865 ||| Stepping randomly (stuck).
 10866 | Lair:3   | 10866 ||| Stepping randomly (stuck).
 10867 | Lair:3   | 10867 ||| Stepping randomly (stuck).
 10868 | Lair:3   | 10868 ||| Stepping randomly (stuck).
 10869 | Lair:3   | 10869 ||| Stepping randomly (stuck).
 10870 | Lair:3   | 10870 ||| Stepping randomly (stuck).
 10871 | Lair:3   | 10871 ||| Stepping randomly (stuck).
 10872 | Lair:3   | 10872 ||| Stepping randomly (stuck).
 10873 | Lair:3   | 10873 ||| Stepping randomly (stuck).
 10874 | Lair:3   | 10874 ||| Stepping randomly (stuck).
 10875 | Lair:3   | 10875 ||| Stepping randomly (stuck).
 10876 | Lair:3   | 10876 ||| Stepping randomly (stuck).
 10877 | Lair:3   | 10877 ||| Stepping randomly (stuck).
 10878 | Lair:3   | 10878 ||| Stepping randomly (stuck).
 10879 | Lair:3   | 10879 ||| Stepping randomly (stuck).
 10880 | Lair:3   | 10880 ||| Stepping randomly (stuck).
 10881 | Lair:3   | 10881 ||| Stepping randomly (stuck).
 10882 | Lair:3   | 10882 ||| Stepping randomly (stuck).
 10883 | Lair:3   | 10883 ||| Stepping randomly (stuck).
 10884 | Lair:3   | 10884 ||| Stepping randomly (stuck).
 10885 | Lair:3   | 10885 ||| Stepping randomly (stuck).
 10886 | Lair:3   | 10886 ||| Stepping randomly (stuck).
 10887 | Lair:3   | 10887 ||| Stepping randomly (stuck).
 10888 | Lair:3   | 10888 ||| Stepping randomly (stuck).
 10889 | Lair:3   | 10889 ||| Stepping randomly (stuck).
 10890 | Lair:3   | 10890 ||| Stepping randomly (stuck).
 10891 | Lair:3   | 10891 ||| Stepping randomly (stuck).
 10892 | Lair:3   | 10892 ||| Stepping randomly (stuck).
 10893 | Lair:3   | 10893 ||| Stepping randomly (stuck).
 10894 | Lair:3   | 10894 ||| Stepping randomly (stuck).
 10895 | Lair:3   | 10895 ||| Stepping randomly (stuck).
 10896 | Lair:3   | 10896 ||| Stepping randomly (stuck).
 10897 | Lair:3   | 10897 ||| Stepping randomly (stuck).
 10898 | Lair:3   | 10898 ||| Stepping randomly (stuck).
 10899 | Lair:3   | 10899 ||| Stepping randomly (stuck).
 10900 | Lair:3   | 10900 ||| Stepping randomly (stuck).
 10901 | Lair:3   | 10901 ||| Stepping randomly (stuck).
 10902 | Lair:3   | 10902 ||| Stepping randomly (stuck).
 10903 | Lair:3   | 10903 ||| Stepping randomly (stuck).
 10904 | Lair:3   | 10904 ||| Stepping randomly (stuck).
 10905 | Lair:3   | 10905 ||| Stepping randomly (stuck).
 10906 | Lair:3   | 10906 ||| Stepping randomly (stuck).
 10907 | Lair:3   | 10907 ||| Stepping randomly (stuck).
 10908 | Lair:3   | 10908 ||| Stepping randomly (stuck).
 10909 | Lair:3   | 10909 ||| Stepping randomly (stuck).
 10910 | Lair:3   | 10910 ||| Stepping randomly (stuck).
 10911 | Lair:3   | 10911 ||| Stepping randomly (stuck).
 10912 | Lair:3   | 10912 ||| Stepping randomly (stuck).
 10913 | Lair:3   | 10913 ||| Stepping randomly (stuck).
 10914 | Lair:3   | 10914 ||| Stepping randomly (stuck).
 10915 | Lair:3   | 10915 ||| Stepping randomly (stuck).
 10916 | Lair:3   | 10916 ||| Stepping randomly (stuck).
 10917 | Lair:3   | 10917 ||| Stepping randomly (stuck).
 10918 | Lair:3   | 10918 ||| Stepping randomly (stuck).
 10919 | Lair:3   | 10919 ||| Stepping randomly (stuck).
 10920 | Lair:3   | 10920 ||| Stepping randomly (stuck).
 10921 | Lair:3   | 10921 ||| Stepping randomly (stuck).
 10922 | Lair:3   | 10922 ||| Stepping randomly (stuck).
 10923 | Lair:3   | 10923 ||| Stepping randomly (stuck).
 10924 | Lair:3   | 10924 ||| Stepping randomly (stuck).
 10925 | Lair:3   | 10925 ||| Stepping randomly (stuck).
 10926 | Lair:3   | 10926 ||| Stepping randomly (stuck).
 10927 | Lair:3   | 10927 ||| Stepping randomly (stuck).
 10928 | Lair:3   | 10928 ||| Stepping randomly (stuck).
 10929 | Lair:3   | 10929 ||| Stepping randomly (stuck).
 10930 | Lair:3   | 10930 ||| Stepping randomly (stuck).
 10931 | Lair:3   | 10931 ||| Stepping randomly (stuck).
 10932 | Lair:3   | 10932 ||| Stepping randomly (stuck).
 10933 | Lair:3   | 10933 ||| Stepping randomly (stuck).
 10934 | Lair:3   | 10934 ||| Stepping randomly (stuck).
 10935 | Lair:3   | 10935 ||| Stepping randomly (stuck).
 10936 | Lair:3   | 10936 ||| Stepping randomly (stuck).
 10937 | Lair:3   | 10937 ||| Stepping randomly (stuck).
 10938 | Lair:3   | 10938 ||| Stepping randomly (stuck).
 10939 | Lair:3   | 10939 ||| Stepping randomly (stuck).
 10940 | Lair:3   | 10940 ||| Stepping randomly (stuck).
 10941 | Lair:3   | 10941 ||| Stepping randomly (stuck).
 10942 | Lair:3   | 10942 ||| Stepping randomly (stuck).
 10943 | Lair:3   | 10943 ||| Stepping randomly (stuck).
 10944 | Lair:3   | 10944 ||| Stepping randomly (stuck).
 10945 | Lair:3   | 10945 ||| Stepping randomly (stuck).
 10946 | Lair:3   | 10946 ||| Stepping randomly (stuck).
 10947 | Lair:3   | 10947 ||| Stepping randomly (stuck).
 10948 | Lair:3   | 10948 ||| Stepping randomly (stuck).
 10949 | Lair:3   | 10949 ||| Stepping randomly (stuck).
 10950 | Lair:3   | 10950 ||| Stepping randomly (stuck).
 10951 | Lair:3   | 10951 ||| Stepping randomly (stuck).
 10952 | Lair:3   | 10952 ||| Stepping randomly (stuck).
 10953 | Lair:3   | 10953 ||| Stepping randomly (stuck).
 10954 | Lair:3   | 10954 ||| Stepping randomly (stuck).
 10955 | Lair:3   | 10955 ||| Stepping randomly (stuck).
 10956 | Lair:3   | 10956 ||| Stepping randomly (stuck).
 10957 | Lair:3   | 10957 ||| Stepping randomly (stuck).
 10958 | Lair:3   | 10958 ||| Stepping randomly (stuck).
 10959 | Lair:3   | 10959 ||| Stepping randomly (stuck).
 10960 | Lair:3   | 10960 ||| Stepping randomly (stuck).
 10961 | Lair:3   | 10961 ||| Stepping randomly (stuck).
 10962 | Lair:3   | 10962 ||| Stepping randomly (stuck).
 10963 | Lair:3   | 10963 ||| Stepping randomly (stuck).
 10964 | Lair:3   | 10964 ||| Stepping randomly (stuck).
 10965 | Lair:3   | 10965 ||| Stepping randomly (stuck).
 10966 | Lair:3   | 10966 ||| Stepping randomly (stuck).
 10967 | Lair:3   | 10967 ||| Stepping randomly (stuck).
 10968 | Lair:3   | 10968 ||| Stepping randomly (stuck).
 10969 | Lair:3   | 10969 ||| Stepping randomly (stuck).
 10970 | Lair:3   | 10970 ||| Stepping randomly (stuck).
 10971 | Lair:3   | 10971 ||| Stepping randomly (stuck).
 10972 | Lair:3   | 10972 ||| Stepping randomly (stuck).
 10973 | Lair:3   | 10973 ||| Stepping randomly (stuck).
 10974 | Lair:3   | 10974 ||| Stepping randomly (stuck).
 10975 | Lair:3   | 10975 ||| Stepping randomly (stuck).
 10976 | Lair:3   | 10976 ||| Stepping randomly (stuck).
 10977 | Lair:3   | 10977 ||| Stepping randomly (stuck).
 10978 | Lair:3   | 10978 ||| Stepping randomly (stuck).
 10979 | Lair:3   | 10979 ||| Stepping randomly (stuck).
 10980 | Lair:3   | 10980 ||| Stepping randomly (stuck).
 10981 | Lair:3   | 10981 ||| Stepping randomly (stuck).
 10982 | Lair:3   | 10982 ||| Stepping randomly (stuck).
 10983 | Lair:3   | 10983 ||| Stepping randomly (stuck).
 10984 | Lair:3   | 10984 ||| Stepping randomly (stuck).
 10985 | Lair:3   | 10985 ||| Stepping randomly (stuck).
 10986 | Lair:3   | 10986 ||| Stepping randomly (stuck).
 10987 | Lair:3   | 10987 ||| Stepping randomly (stuck).
 10988 | Lair:3   | 10988 ||| Stepping randomly (stuck).
 10989 | Lair:3   | 10989 ||| Stepping randomly (stuck).
 10990 | Lair:3   | 10990 ||| Stepping randomly (stuck).
 10991 | Lair:3   | 10991 ||| Stepping randomly (stuck).
 10992 | Lair:3   | 10992 ||| Stepping randomly (stuck).
 10993 | Lair:3   | 10993 ||| Stepping randomly (stuck).
 10994 | Lair:3   | 10994 ||| Stepping randomly (stuck).
 10995 | Lair:3   | 10995 ||| Stepping randomly (stuck).
 10996 | Lair:3   | 10996 ||| Stepping randomly (stuck).
 10997 | Lair:3   | 10997 ||| Stepping randomly (stuck).
 10998 | Lair:3   | 10998 ||| Stepping randomly (stuck).
 10999 | Lair:3   | 10999 ||| Stepping randomly (stuck).
 11000 | Lair:3   | 11000 ||| Stepping randomly (stuck).
 11001 | Lair:3   | 11001 ||| Stepping randomly (stuck).
 11002 | Lair:3   | 11002 ||| Stepping randomly (stuck).
 11003 | Lair:3   | 11003 ||| Stepping randomly (stuck).
 11004 | Lair:3   | 11004 ||| Stepping randomly (stuck).
 11005 | Lair:3   | 11005 ||| Stepping randomly (stuck).
 11006 | Lair:3   | 11006 ||| Stepping randomly (stuck).
 11007 | Lair:3   | 11007 ||| Stepping randomly (stuck).
 11008 | Lair:3   | 11008 ||| Stepping randomly (stuck).
 11009 | Lair:3   | 11009 ||| Stepping randomly (stuck).
 11010 | Lair:3   | 11010 ||| Stepping randomly (stuck).
 11011 | Lair:3   | 11011 ||| Stepping randomly (stuck).
 11012 | Lair:3   | 11012 ||| Stepping randomly (stuck).
 11013 | Lair:3   | 11013 ||| Stepping randomly (stuck).
 11014 | Lair:3   | 11014 ||| Stepping randomly (stuck).
 11015 | Lair:3   | 11015 ||| Stepping randomly (stuck).
 11016 | Lair:3   | 11016 ||| Stepping randomly (stuck).
 11017 | Lair:3   | 11017 ||| Stepping randomly (stuck).
 11018 | Lair:3   | 11018 ||| Stepping randomly (stuck).
 11019 | Lair:3   | 11019 ||| Stepping randomly (stuck).
 11020 | Lair:3   | 11020 ||| Stepping randomly (stuck).
 11021 | Lair:3   | 11021 ||| Stepping randomly (stuck).
 11022 | Lair:3   | 11022 ||| Stepping randomly (stuck).
 11023 | Lair:3   | 11023 ||| Stepping randomly (stuck).
 11024 | Lair:3   | 11024 ||| Stepping randomly (stuck).
 11025 | Lair:3   | 11025 ||| Stepping randomly (stuck).
 11026 | Lair:3   | 11026 ||| Stepping randomly (stuck).
 11027 | Lair:3   | 11027 ||| Stepping randomly (stuck).
 11028 | Lair:3   | 11028 ||| Stepping randomly (stuck).
 11029 | Lair:3   | 11029 ||| Stepping randomly (stuck).
 11030 | Lair:3   | 11030 ||| Stepping randomly (stuck).
 11031 | Lair:3   | 11031 ||| Stepping randomly (stuck).
 11032 | Lair:3   | 11032 ||| Stepping randomly (stuck).
 11033 | Lair:3   | 11033 ||| Stepping randomly (stuck).
 11034 | Lair:3   | 11034 ||| Stepping randomly (stuck).
 11035 | Lair:3   | 11035 ||| Stepping randomly (stuck).
 11036 | Lair:3   | 11036 ||| Stepping randomly (stuck).
 11037 | Lair:3   | 11037 ||| Stepping randomly (stuck).
 11038 | Lair:3   | 11038 ||| Stepping randomly (stuck).
 11039 | Lair:3   | 11039 ||| Stepping randomly (stuck).
 11040 | Lair:3   | 11040 ||| Stepping randomly (stuck).
 11041 | Lair:3   | 11041 ||| Stepping randomly (stuck).
 11042 | Lair:3   | 11042 ||| Stepping randomly (stuck).
 11043 | Lair:3   | 11043 ||| Stepping randomly (stuck).
 11044 | Lair:3   | 11044 ||| Stepping randomly (stuck).
 11045 | Lair:3   | 11045 ||| Stepping randomly (stuck).
 11046 | Lair:3   | 11046 ||| Stepping randomly (stuck).
 11047 | Lair:3   | 11047 ||| Stepping randomly (stuck).
 11048 | Lair:3   | 11048 ||| Stepping randomly (stuck).
 11049 | Lair:3   | 11049 ||| Stepping randomly (stuck).
 11050 | Lair:3   | 11050 ||| Stepping randomly (stuck).
 11051 | Lair:3   | 11051 ||| Stepping randomly (stuck).
 11052 | Lair:3   | 11052 ||| Stepping randomly (stuck).
 11053 | Lair:3   | 11053 ||| Stepping randomly (stuck).
 11054 | Lair:3   | 11054 ||| Stepping randomly (stuck).
 11055 | Lair:3   | 11055 ||| Stepping randomly (stuck).
 11056 | Lair:3   | 11056 ||| Stepping randomly (stuck).
 11057 | Lair:3   | 11057 ||| Stepping randomly (stuck).
 11058 | Lair:3   | 11058 ||| Stepping randomly (stuck).
 11059 | Lair:3   | 11059 ||| Stepping randomly (stuck).
 11060 | Lair:3   | 11060 ||| Stepping randomly (stuck).
 11061 | Lair:3   | 11061 ||| Stepping randomly (stuck).
 11062 | Lair:3   | 11062 ||| Stepping randomly (stuck).
 11063 | Lair:3   | 11063 ||| Stepping randomly (stuck).
 11064 | Lair:3   | 11064 ||| Stepping randomly (stuck).
 11065 | Lair:3   | 11065 ||| Stepping randomly (stuck).
 11066 | Lair:3   | 11066 ||| Stepping randomly (stuck).
 11067 | Lair:3   | 11067 ||| Stepping randomly (stuck).
 11068 | Lair:3   | 11068 ||| Stepping randomly (stuck).
 11069 | Lair:3   | 11069 ||| Stepping randomly (stuck).
 11070 | Lair:3   | 11070 ||| Stepping randomly (stuck).
 11071 | Lair:3   | 11071 ||| Stepping randomly (stuck).
 11072 | Lair:3   | 11072 ||| Stepping randomly (stuck).
 11073 | Lair:3   | 11073 ||| Stepping randomly (stuck).
 11074 | Lair:3   | 11074 ||| Stepping randomly (stuck).
 11075 | Lair:3   | 11075 ||| Stepping randomly (stuck).
 11076 | Lair:3   | 11076 ||| Stepping randomly (stuck).
 11077 | Lair:3   | 11077 ||| Stepping randomly (stuck).
 11078 | Lair:3   | 11078 ||| Stepping randomly (stuck).
 11079 | Lair:3   | 11079 ||| Stepping randomly (stuck).
 11080 | Lair:3   | 11080 ||| Stepping randomly (stuck).
 11081 | Lair:3   | 11081 ||| Stepping randomly (stuck).
 11082 | Lair:3   | 11082 ||| Stepping randomly (stuck).
 11083 | Lair:3   | 11083 ||| Stepping randomly (stuck).
 11084 | Lair:3   | 11084 ||| Stepping randomly (stuck).
 11085 | Lair:3   | 11085 ||| Stepping randomly (stuck).
 11086 | Lair:3   | 11086 ||| Stepping randomly (stuck).
 11087 | Lair:3   | 11087 ||| Stepping randomly (stuck).
 11088 | Lair:3   | 11088 ||| Stepping randomly (stuck).
 11089 | Lair:3   | 11089 ||| Stepping randomly (stuck).
 11090 | Lair:3   | 11090 ||| Stepping randomly (stuck).
 11091 | Lair:3   | 11091 ||| Stepping randomly (stuck).
 11092 | Lair:3   | 11092 ||| Stepping randomly (stuck).
 11093 | Lair:3   | 11093 ||| Stepping randomly (stuck).
 11094 | Lair:3   | 11094 ||| Stepping randomly (stuck).
 11095 | Lair:3   | 11095 ||| Stepping randomly (stuck).
 11096 | Lair:3   | 11096 ||| Stepping randomly (stuck).
 11097 | Lair:3   | 11097 ||| Stepping randomly (stuck).
 11098 | Lair:3   | 11098 ||| Stepping randomly (stuck).
 11099 | Lair:3   | 11099 ||| Stepping randomly (stuck).
 11100 | Lair:3   | 11100 ||| Stepping randomly (stuck).
 11101 | Lair:3   | 11101 ||| Stepping randomly (stuck).
 11102 | Lair:3   | 11102 ||| Stepping randomly (stuck).
 11103 | Lair:3   | 11103 ||| Stepping randomly (stuck).
 11104 | Lair:3   | 11104 ||| Stepping randomly (stuck).
 11105 | Lair:3   | 11105 ||| Stepping randomly (stuck).
 11106 | Lair:3   | 11106 ||| Stepping randomly (stuck).
 11107 | Lair:3   | 11107 ||| Stepping randomly (stuck).
 11108 | Lair:3   | 11108 ||| Stepping randomly (stuck).
 11109 | Lair:3   | 11109 ||| Stepping randomly (stuck).
 11110 | Lair:3   | 11110 ||| Stepping randomly (stuck).
 11111 | Lair:3   | 11111 ||| Stepping randomly (stuck).
 11113 | Lair:3   | 11113 ||| Stepping randomly (stuck).
 11114 | Lair:3   | 11114 ||| Stepping randomly (stuck).
 11115 | Lair:3   | 11115 ||| Stepping randomly (stuck).
 11116 | Lair:3   | 11116 ||| Stepping randomly (stuck).
 11117 | Lair:3   | 11117 ||| Stepping randomly (stuck).
 11118 | Lair:3   | 11118 ||| Stepping ~*~*~tactically~*~*~ (stealth).
 11119 | Lair:3   | 11119 ||| Stepping randomly (stuck).
 11120 | Lair:3   | 11120 ||| Stepping randomly (stuck).
 11121 | Lair:3   | 11121 ||| Stepping randomly (stuck).
 11122 | Lair:3   | 11122 ||| Stepping randomly (stuck).
 11123 | Lair:3   | 11123 ||| Stepping randomly (stuck).
 11124 | Lair:3   | 11124 ||| Stepping randomly (stuck).
 11125 | Lair:3   | 11125 ||| Stepping randomly (stuck).
 11126 | Lair:3   | 11126 ||| Stepping randomly (stuck).
 11127 | Lair:3   | 11127 ||| Stepping randomly (stuck).
 11128 | Lair:3   | 11128 ||| Stepping randomly (stuck).
 11149 | Lair:3   | 11149 ||| Stepping randomly (stuck).
 11150 | Lair:3   | 11150 ||| Stepping randomly (stuck).
 11151 | Lair:3   | 11151 ||| Stepping randomly (stuck).
 11152 | Lair:3   | 11152 ||| Stepping randomly (stuck).
 11153 | Lair:3   | 11153 ||| Stepping randomly (stuck).
 11154 | Lair:3   | 11154 ||| Stepping randomly (stuck).
 11155 | Lair:3   | 11155 ||| Stepping randomly (stuck).
 11156 | Lair:3   | 11156 ||| Stepping randomly (stuck).
 11157 | Lair:3   | 11157 ||| Stepping randomly (stuck).
 11158 | Lair:3   | 11158 ||| Stepping randomly (stuck).
 11159 | Lair:3   | 11159 ||| Stepping randomly (stuck).
 11160 | Lair:3   | 11160 ||| Stepping randomly (stuck).
 11161 | Lair:3   | 11161 ||| Stepping randomly (stuck).
 11162 | Lair:3   | 11162 ||| Stepping randomly (stuck).
 11163 | Lair:3   | 11163 ||| Stepping randomly (stuck).
 11164 | Lair:3   | 11164 ||| Stepping randomly (stuck).
 11165 | Lair:3   | 11165 ||| Stepping randomly (stuck).
 11166 | Lair:3   | 11166 ||| Stepping randomly (stuck).
 11167 | Lair:3   | 11167 ||| Stepping randomly (stuck).
 11168 | Lair:3   | 11168 ||| Stepping randomly (stuck).
 11169 | Lair:3   | 11169 ||| Stepping randomly (stuck).
 11170 | Lair:3   | 11170 ||| Stepping randomly (stuck).
 11171 | Lair:3   | 11171 ||| Stepping randomly (stuck).
 11172 | Lair:3   | 11172 ||| Stepping randomly (stuck).
 11173 | Lair:3   | 11173 ||| Stepping randomly (stuck).
 11174 | Lair:3   | 11174 ||| Stepping randomly (stuck).
 11175 | Lair:3   | 11175 ||| Stepping randomly (stuck).
 11176 | Lair:3   | 11176 ||| Stepping randomly (stuck).
 11177 | Lair:3   | 11177 ||| Stepping randomly (stuck).
 11178 | Lair:3   | 11178 ||| Stepping randomly (stuck).
 11179 | Lair:3   | 11179 ||| Stepping randomly (stuck).
 11180 | Lair:3   | 11180 ||| Stepping randomly (stuck).
 11181 | Lair:3   | 11181 ||| Stepping randomly (stuck).
 11182 | Lair:3   | 11182 ||| Stepping randomly (stuck).
 11183 | Lair:3   | 11183 ||| Stepping randomly (stuck).
 11184 | Lair:3   | 11184 ||| Stepping randomly (stuck).
 11185 | Lair:3   | 11185 ||| Stepping randomly (stuck).
 11186 | Lair:3   | 11186 ||| Stepping randomly (stuck).
 11187 | Lair:3   | 11187 ||| Stepping randomly (stuck).
 11188 | Lair:3   | 11188 ||| Stepping randomly (stuck).
 11189 | Lair:3   | 11189 ||| Stepping randomly (stuck).
 11190 | Lair:3   | 11190 ||| Stepping randomly (stuck).
 11191 | Lair:3   | 11191 ||| Stepping randomly (stuck).
 11192 | Lair:3   | 11192 ||| Stepping randomly (stuck).
 11193 | Lair:3   | 11193 ||| Stepping randomly (stuck).
 11194 | Lair:3   | 11194 ||| Stepping randomly (stuck).
 11195 | Lair:3   | 11195 ||| Stepping randomly (stuck).
 11196 | Lair:3   | 11196 ||| Stepping randomly (stuck).
 11197 | Lair:3   | 11197 ||| Stepping randomly (stuck).
 11198 | Lair:3   | 11198 ||| Stepping randomly (stuck).
 11199 | Lair:3   | 11199 ||| Stepping randomly (stuck).
 11200 | Lair:3   | 11200 ||| Stepping randomly (stuck).
 11201 | Lair:3   | 11201 ||| Stepping randomly (stuck).
 11202 | Lair:3   | 11202 ||| Stepping randomly (stuck).
 11203 | Lair:3   | 11203 ||| Stepping randomly (stuck).
 11204 | Lair:3   | 11204 ||| Stepping randomly (stuck).
 11205 | Lair:3   | 11205 ||| Stepping randomly (stuck).
 11206 | Lair:3   | 11206 ||| Stepping randomly (stuck).
 11207 | Lair:3   | 11207 ||| Stepping randomly (stuck).
 11208 | Lair:3   | 11208 ||| Stepping randomly (stuck).
 11209 | Lair:3   | 11209 ||| Stepping randomly (stuck).
 11210 | Lair:3   | 11210 ||| Stepping randomly (stuck).
 11211 | Lair:3   | 11211 ||| Stepping randomly (stuck).
 11212 | Lair:3   | 11212 ||| Stepping randomly (stuck).
 11213 | Lair:3   | 11213 ||| Stepping randomly (stuck).
 11214 | Lair:3   | 11214 ||| Stepping randomly (stuck).
 11215 | Lair:3   | 11215 ||| Stepping randomly (stuck).
 11216 | Lair:3   | 11216 ||| Stepping randomly (stuck).
 11217 | Lair:3   | 11217 ||| Stepping randomly (stuck).
 11218 | Lair:3   | 11218 ||| Stepping randomly (stuck).
 11219 | Lair:3   | 11219 ||| Stepping randomly (stuck).
 11220 | Lair:3   | 11220 ||| Stepping randomly (stuck).
 11221 | Lair:3   | 11221 ||| Stepping randomly (stuck).
 11222 | Lair:3   | 11222 ||| Stepping randomly (stuck).
 11223 | Lair:3   | 11223 ||| Stepping randomly (stuck).
 11224 | Lair:3   | 11224 ||| Stepping randomly (stuck).
 11225 | Lair:3   | 11225 ||| Stepping randomly (stuck).
 11226 | Lair:3   | 11226 ||| Stepping randomly (stuck).
 11227 | Lair:3   | 11227 ||| Stepping randomly (stuck).
 11228 | Lair:3   | 11228 ||| Stepping randomly (stuck).
 11229 | Lair:3   | 11229 ||| Stepping randomly (stuck).
 11230 | Lair:3   | 11230 ||| Stepping randomly (stuck).
 11231 | Lair:3   | 11231 ||| Stepping randomly (stuck).
 11232 | Lair:3   | 11232 ||| Stepping randomly (stuck).
 11233 | Lair:3   | 11233 ||| Stepping randomly (stuck).
 11234 | Lair:3   | 11234 ||| Stepping randomly (stuck).
 11235 | Lair:3   | 11235 ||| Stepping randomly (stuck).
 11236 | Lair:3   | 11236 ||| Stepping randomly (stuck).
 11237 | Lair:3   | 11237 ||| Stepping randomly (stuck).
 11238 | Lair:3   | 11238 ||| Stepping randomly (stuck).
 11239 | Lair:3   | 11239 ||| Stepping randomly (stuck).
 11240 | Lair:3   | 11240 ||| Stepping randomly (stuck).
 11241 | Lair:3   | 11241 ||| Stepping randomly (stuck).
 11242 | Lair:3   | 11242 ||| Stepping randomly (stuck).
 11243 | Lair:3   | 11243 ||| Stepping randomly (stuck).
 11244 | Lair:3   | 11244 ||| Stepping randomly (stuck).
 11245 | Lair:3   | 11245 ||| Stepping randomly (stuck).
 11246 | Lair:3   | 11246 ||| Stepping randomly (stuck).
 11247 | Lair:3   | 11247 ||| Stepping randomly (stuck).
 11248 | Lair:3   | 11248 ||| Stepping randomly (stuck).
 11249 | Lair:3   | 11249 ||| Stepping randomly (stuck).
 11250 | Lair:3   | 11250 ||| Stepping randomly (stuck).
 11251 | Lair:3   | 11251 ||| Stepping randomly (stuck).
 11252 | Lair:3   | 11252 ||| Stepping randomly (stuck).
 11253 | Lair:3   | 11253 ||| Stepping randomly (stuck).
 11254 | Lair:3   | 11254 ||| Stepping randomly (stuck).
 11255 | Lair:3   | 11255 ||| Stepping randomly (stuck).
 11256 | Lair:3   | 11256 ||| Stepping randomly (stuck).
 11257 | Lair:3   | 11257 ||| Stepping randomly (stuck).
 11258 | Lair:3   | 11258 ||| Stepping randomly (stuck).
 11259 | Lair:3   | 11259 ||| Stepping randomly (stuck).
 11260 | Lair:3   | 11260 ||| Stepping randomly (stuck).
 11261 | Lair:3   | 11261 ||| Stepping randomly (stuck).
 11262 | Lair:3   | 11262 ||| Stepping randomly (stuck).
 11263 | Lair:3   | 11263 ||| Stepping randomly (stuck).
 11264 | Lair:3   | 11264 ||| Stepping randomly (stuck).
 11265 | Lair:3   | 11265 ||| Stepping randomly (stuck).
 11266 | Lair:3   | 11266 ||| Stepping randomly (stuck).
 11267 | Lair:3   | 11267 ||| Stepping randomly (stuck).
 11268 | Lair:3   | 11268 ||| Stepping randomly (stuck).
 11269 | Lair:3   | 11269 ||| Stepping randomly (stuck).
 11270 | Lair:3   | 11270 ||| Stepping randomly (stuck).
 11271 | Lair:3   | 11271 ||| Stepping randomly (stuck).
 11272 | Lair:3   | 11272 ||| Stepping randomly (stuck).
 11273 | Lair:3   | 11273 ||| Stepping randomly (stuck).
 11274 | Lair:3   | 11274 ||| Stepping randomly (stuck).
 11275 | Lair:3   | 11275 ||| Stepping randomly (stuck).
 11276 | Lair:3   | 11276 ||| Stepping randomly (stuck).
 11277 | Lair:3   | 11277 ||| Stepping randomly (stuck).
 11278 | Lair:3   | 11278 ||| Stepping randomly (stuck).
 11279 | Lair:3   | 11279 ||| Stepping randomly (stuck).
 11280 | Lair:3   | 11280 ||| Stepping randomly (stuck).
 11281 | Lair:3   | 11281 ||| Stepping randomly (stuck).
 11282 | Lair:3   | 11282 ||| Stepping randomly (stuck).
 11283 | Lair:3   | 11283 ||| Stepping randomly (stuck).
 11284 | Lair:3   | 11284 ||| Stepping randomly (stuck).
 11285 | Lair:3   | 11285 ||| Stepping randomly (stuck).
 11286 | Lair:3   | 11286 ||| Stepping randomly (stuck).
 11287 | Lair:3   | 11287 ||| Stepping randomly (stuck).
 11288 | Lair:3   | 11288 ||| Stepping randomly (stuck).
 11289 | Lair:3   | 11289 ||| Stepping randomly (stuck).
 11290 | Lair:3   | 11290 ||| Stepping randomly (stuck).
 11291 | Lair:3   | 11291 ||| Stepping randomly (stuck).
 11292 | Lair:3   | 11292 ||| Stepping randomly (stuck).
 11293 | Lair:3   | 11293 ||| Stepping randomly (stuck).
 11294 | Lair:3   | 11294 ||| Stepping randomly (stuck).
 11295 | Lair:3   | 11295 ||| Stepping randomly (stuck).
 11296 | Lair:3   | 11296 ||| Stepping randomly (stuck).
 11307 | Lair:3   | 11307 ||| Stepping ~*~*~tactically~*~*~ (outnumbered).
 11308 | Lair:3   | 11308 ||| Stepping ~*~*~tactically~*~*~ (outnumbered).
 11322 | Lair:3   | 11322 ||| Stepping randomly (stuck).
 11323 | Lair:3   | 11323 ||| Stepping randomly (stuck).
 11324 | Lair:3   | 11324 ||| Stepping randomly (stuck).
 11325 | Lair:3   | 11325 ||| Stepping randomly (stuck).
 11326 | Lair:3   | 11326 ||| Stepping randomly (stuck).
 11327 | Lair:3   | 11327 ||| Stepping randomly (stuck).
 11328 | Lair:3   | 11328 ||| Stepping randomly (stuck).
 11329 | Lair:3   | 11329 ||| Stepping randomly (stuck).
 11330 | Lair:3   | 11330 ||| Stepping randomly (stuck).
 11331 | Lair:3   | 11331 ||| Stepping randomly (stuck).
 11332 | Lair:3   | 11332 ||| Stepping randomly (stuck).
 11333 | Lair:3   | 11333 ||| Stepping randomly (stuck).
 11334 | Lair:3   | 11334 ||| Stepping randomly (stuck).
 11335 | Lair:3   | 11335 ||| Stepping randomly (stuck).
 11336 | Lair:3   | 11336 ||| Stepping randomly (stuck).
 11337 | Lair:3   | 11337 ||| Stepping randomly (stuck).
 11338 | Lair:3   | 11338 ||| Stepping randomly (stuck).
 11339 | Lair:3   | 11339 ||| Stepping randomly (stuck).
 11340 | Lair:3   | 11340 ||| Stepping randomly (stuck).
 11341 | Lair:3   | 11341 ||| Stepping randomly (stuck).
 11342 | Lair:3   | 11342 ||| Stepping randomly (stuck).
 11343 | Lair:3   | 11343 ||| Stepping randomly (stuck).
 11344 | Lair:3   | 11344 ||| Stepping randomly (stuck).
 11345 | Lair:3   | 11345 ||| Stepping randomly (stuck).
 11345 | Lair:3   | You fall into a shaft and drop 2 floors!
 11345 | Lair:5   | Entered Level 5 of the Lair of Beasts
 11357 | Lair:5   | HP: 23/118 [wind drake/the air (7)]
 11358 | Lair:5   | Reached XP level 13. HP: 12/124 MP: 13/13
 11358 | Lair:5   | 11358 ||| DRINKING potion of heal wounds.
 11360 | Lair:5   | HP: 10/124 [poisoned by a water moccasin]
 11360 | Lair:5   | HP: 3/124 [water moccasin (2)]
 11361 | Lair:5   | Succumbed to a water moccasin's poison

Levels and vault maps discovered:
D:1:      dpeg_arrival_rooms_b, layout_basic,
          dreamdust_ecumenical_altar_drowned_temple, kennysheep_small_spiral,
          minmay_misc_feat_iff
D:2:      wad_crossroads, layout_basic, basic_altar, hex_tiny,
          minmay_tetromino_l4
D:3:      layout_rooms, mainiacjoe_overflow_24_doors, nicolae_uskayaw_suspiria,
          mainiacjoe_overflow_brackets, item_on_display_a
D:4:      layout_loops_cross, lemuel_coloured_pillars_altar,
          portal_sewer_entry_b, ebering_ghost_sewer_f, st_stairs_11,
          kennysheep_generic_room_12
D:5:      layout_basic, nicolae_gozag_seed_capital, minmay_temple_entry_arrows,
          kennysheep_nondescript, grunt_decor_one_mirror, uniq_edmund,
          uniq_duvessa
D:6:      layout_basic, bh_walls_and_bars, uniq_maggie
D:7:      layout_layer_cave, nicolae_sif_muna_little_library,
          nemelex_diamond_rough_becter
D:8:      layout_rooms, trog_hazing_becter, uniq_psyche, uniq_maurice
D:9:      layout_stronghold, enter_bailey_3, uniq_pikel
D:10:     layout_basic, nicolae_hepliaklqana_hazy_memory,
          due_lair_maze_entry_diamond, erik_orc_1, serial_shops,
          nicolae_shop_bloodbath_and_beyond
Lair:1:   layout_regular_city, serial_bayou_shore_a, grunt_megastairs_4
Lair:2:   layout_regular_city, serial_rivers, chequers_serial_rivers_room_a,
          chequers_serial_rivers_room_b, chequers_serial_rivers_large_a,
          chequers_serial_rivers_small_b, chequers_serial_rivers_room_a,
          chequers_serial_rivers_small_a
Lair:3:   minmay_guarded_unrand_snakebite, layout_gridlike, swamp_mist,
          minmay_snake_entry_spellcaster, grunt_megastairs_2,
          infiniplex_staircase_pool, uniq_kirke, uniq_urug
Lair:5:   gammafunk_lair_ancient_temple, layout_small_grid,
          maelrawn_ghost_gauntlet_escape, grunt_forest_stairs_basic,
          dreamdust_gnoll_shepherd

Skill      XL: |  1  2  3  4  5  6  7  8  9 10 11 12 |
---------------+-------------------------------------+-----
Unarmed Combat | 4 5 6 7 8 10 11 12 14 16 | 16.4
Throwing       | 1 2 3 4 5 6 |  6.0
Dodging        | 1 2 3 |  3.0
Fighting       | 3 4 5 6 7 |  7.0
Armour         | 9 |  9.3
Spellcasting   | |  1.0
Fire Magic     | |  2.1

Action                   |  1- 3 |  4- 6 |  7- 9 | 10-12 | 13-15 || total
-------------------------+-------+-------+-------+-------+-------++-------
Melee: Unarmed           |   102 |    91 |   105 |   538 |     3 ||   839
       Punch             |     2 |     4 |     3 |    29 |       ||    38
Throw: Large rock        |       |    32 |    20 |    44 |       ||    96
       Javelin           |       |       |    11 |    53 |       ||    64
       Boomerang         |       |       |       |    17 |       ||    17
Invok: Fiery Armour      |       |     1 |     3 |     8 |       ||    12
  Use: Scroll            |     3 |     7 |     4 |     8 |       ||    22
       Potion            |       |     6 |     3 |     6 |     1 ||    16
 Stab: Confused          |       |       |       |     1 |       ||     1
Armor: Robe              |    25 |    33 |    26 |   117 |     4 ||   205
       Steam dragon scal |       |       |       |    78 |       ||    78
Dodge: Dodged            |    33 |    30 |    34 |   195 |     7 ||   299
       Repelled          |       |       |       |     7 |       ||     7

Table legend:
 A = Non-vault XP
 B = Vault XP
 C = Vault XP percentage of total XP
 D = Non-vault monster count
 E = Vault monster count
 F = Vault count percentage of total count
                 A         B        C        D         E       F
            +---------+---------+-------+---------+---------+-------
      Total |   23170 |   12113 |  34.3 |     252 |      73 |  22.5
            +---------+---------+-------+---------+---------+-------
        D:1 |      28 |       1 |   3.4 |      15 |       1 |   6.2
        D:2 |      43 |      30 |  41.1 |      20 |       7 |  25.9
        D:3 |      52 |       0 |   0.0 |      17 |       0 |   0.0
        D:4 |     256 |      36 |  12.3 |      15 |       8 |  34.8
        D:5 |     665 |     377 |  36.2 |      23 |       3 |  11.5
        D:6 |    1768 |     389 |  18.0 |      27 |       1 |   3.6
        D:7 |    1629 |       0 |   0.0 |      37 |       0 |   0.0
        D:8 |    1267 |     856 |  40.3 |      11 |       8 |  42.1
        D:9 |    2012 |     671 |  25.0 |      17 |       5 |  22.7
       D:10 |    1750 |    1694 |  49.2 |      12 |      26 |  68.4
     Lair:1 |    4673 |    4681 |  50.0 |      24 |       8 |  25.0
     Lair:2 |    3390 |       0 |   0.0 |      12 |       0 |   0.0
     Lair:3 |    4262 |    3378 |  44.2 |      19 |       6 |  24.0
     Lair:5 |    1375 |       0 |   0.0 |       3 |       0 |   0.0
            +---------+---------+-------+---------+---------+-------
